 Dungeon Crawl Stone Soup version 0.29.1-13-g9f3cf754e1 (webtiles) character file.

Game seed: 8198053193246734099

11114160 CungeonDrawl the Conqueror (level 27, 199/199 HPs)
             Began as a Gargoyle Earth Elementalist on Jan 16, 2023.
             Was the Champion of Vehumet.
             Escaped with the Orb
             ... and 15 runes on Jan 22, 2023!
             The game lasted 1 day 03:00:07 (149163 turns).

CungeonDrawl the Conqueror (GrEE)             Turns: 149163, Time: 1 , 03:00:08

Health: 199/199    AC: 62    Str: 18    XL:     27
Magic:  54/54      EV: 27    Int: 31    God:    Vehumet [******]
Gold:   16631      SH: 20    Dex: 23    Spells: 1/80 levels left

rFire   + + .      SeeInvis +   S - +3 Elemental Staff {rElec rF++ rC++ AC+5}
rCold   + + +      Faith    .   g - +5 kite shield {AC+3}
rNeg    + + +      Spirit   .   a - +10 pearl dragon scales
rPois   ∞          Reflect  .   T - -2 hat of the Alchemist {rElec rPois rF+ rC+ rN+ Will+ rMut rCorr}
rElec   +          Harm     .   J - +4 dragonskin cloak
rCorr   +          Rampage  .   V - +2 pair of gloves {Dex+3}
rMut    +                       n - +1 pair of boots of Puock {rPois rC+ Will- Slay+4}
Will    +++++                   y - amulet "Voukop" {RegenMP rN+ Will+}
Stlth   ++........              z - ring "Zuxychuh" {rF- Int+6 Dex+7 Stlth+}
HPRegen 1.23/turn               e - ring of Awolione {rC+ rN+ Will++ SInv}
MPRegen 0.74/turn

@: flying, studying 6 skills
A: sickness immunity, AC +20, big wings, negative energy resistance 1,
electricity resistance, torment resistance 1, petrification resistance, agile 1,
regeneration 1, strong 1
0: Orb of Zot
}: 15/15 runes: serpentine, barnacled, slimy, silver, golden, iron, obsidian,
icy, bone, abyssal, demonic, glowing, magical, fiery, dark
a: Renounce Religion


You escaped.
You worshipped Vehumet.
Vehumet was exalted by your worship.
You visited 18 branches of the dungeon, and saw 86 of its levels.
You visited Pandemonium 1 time, and saw 16 of its levels.
You visited the Abyss 2 times.
You visited 1 bazaar.
You completed 1 ziggurat, and saw 27 of its levels.
You also visited: Trove and Gauntlet.

You collected 21837 gold pieces.
You spent 5206 gold pieces at shops.

Inventory:

Hand Weapons
 S - the +3 Elemental Staff (weapon) {rElec rF++ rC++ AC+5}
   (You found it on level 3 of the Tomb of the Ancients)

   If the wielder is skilled in Evocations, they can discharge powerful blasts
   of elemental energy when striking with it.
   It enhances your fire, ice, earth and air magic.
   AC:        It affects your AC (+5).
   rF:        It greatly protects you from fire.
   rC:        It greatly protects you from cold.
   rElec:     It insulates you from electricity.
Missiles
 R - 30 silver javelins
Armour
 a - +10 pearl dragon scales (worn)
 g - a +5 kite shield of protection (worn)
 n - the +1 pair of boots of Puock (worn) {rPois rC+ Will- Slay+4}
   (You found it on level 25 of a ziggurat)

   Slay:      It affects your accuracy & damage with ranged weapons and melee
   (+4).
   rC:        It protects you from cold.
   rPois:     It protects you from poison.
   Will:      It decreases your willpower.
 J - the +4 dragonskin cloak (worn)
   (You took it off Tiamat on level 2 of the Realm of Zot)

   It grants the wearer a chance to resist fire, cold, poison, electricity,
   acid, and negative energy.
 T - the -2 hat of the Alchemist (worn) {rElec rPois rF+ rC+ rN+ Will+ rMut rCorr}
   (You found it in a Gauntlet)

   rF:        It protects you from fire.
   rC:        It protects you from cold.
   rElec:     It insulates you from electricity.
   rPois:     It protects you from poison.
   rN:        It protects you from negative energy.
   rCorr:     It protects you from acid and corrosion.
   rMut:      It protects you from mutation.
   Will:      It increases your willpower.
 V - a +2 pair of gloves of dexterity (worn)
Jewellery
 e - the ring of Awolione (right hand) {rC+ rN+ Will++ SInv}
   (You found it on level 11 of a ziggurat)

   [ring of see invisible]

   rC:        It protects you from cold.
   rN:        It protects you from negative energy.
   SInv:      It lets you see invisible.
   Will:      It greatly increases your willpower.
 y - the amulet "Voukop" (around neck) {RegenMP rN+ Will+}
   (You found it in Pandemonium)

   [amulet of magic regeneration]

   It increases your rate of magic regeneration.
   rN:        It protects you from negative energy.
   Will:      It increases your willpower.
 z - the ring "Zuxychuh" (left hand) {rF- Int+6 Dex+7 Stlth+}
   (You found it in a treasure trove)

   [ring of intelligence]

   Int:       It affects your intelligence (+6).
   Dex:       It affects your dexterity (+7).
   rF:        It makes you vulnerable to fire.
   Stlth:     It makes you more stealthy.
Wands
 B - a wand of iceblast (51)
 F - a wand of digging (36)
 H - a wand of mindburst (36)
 W - a wand of quicksilver (34)
Scrolls
 c - 14 scrolls of noise
 h - a scroll of summoning
 k - 19 scrolls of immolation
 q - 14 scrolls of fear
 r - 7 scrolls of silence
 u - 17 scrolls of vulnerability
 x - 51 scrolls of teleportation
 A - 20 scrolls of blinking
 E - 4 scrolls of torment
 G - 17 scrolls of butterflies
 Q - 17 scrolls of poison
Potions
 b - 5 potions of magic
 d - 9 potions of resistance
 i - 16 potions of curing
 p - 15 potions of cancellation
 s - 7 potions of brilliance
 w - 12 potions of ambrosia
 C - 9 potions of heal wounds
 D - 13 potions of lignification
 I - 8 potions of might
 L - 6 potions of invisibility
 M - 16 potions of attraction
 N - 9 potions of haste
 O - 26 potions of mutation
Miscellaneous
 l - a condenser vane
 m - a phial of floods
 v - a phantom mirror
 K - a lightning rod (4/4)
 P - a tin of tremorstones (2/2)
 U - a box of beasts


   Skills:
 O Level 27 Fighting
 - Level 14.0 Short Blades
 - Level 12.0 Staves
 - Level 12.6 Ranged Weapons
 * Level 13.3 Throwing
 - Level 10.0 Armour
 * Level 26.4 Dodging
 - Level 13.2 Stealth
 - Level 13.8 Shields
 O Level 27 Spellcasting
 O Level 27 Conjurations
 - Level 4.0 Hexes
 - Level 11.0 Summonings
 - Level 3.0 Translocations
 - Level 7.0 Transmutations
 O Level 27 Fire Magic
 - Level 13.9 Ice Magic
 - Level 4.9 Air Magic
 O Level 27 Earth Magic
 - Level 7.0 Poison Magic
 - Level 17.5 Evocations


You had one spell level left.
You knew the following spells:

 Your Spells              Type           Power      Damage    Failure   Level
a - Iron Shot             Conj/Erth      71%        9d13      0%          6
b - Lehudib's Crystal Sp  Conj/Erth      71%        10d16     1%          8
c - Orb of Destruction    Conj           59%        9d14      1%          7
d - Fire Storm            Conj/Fire      71%        8d18      1%          9
e - Ozocubu's Refrigerat  Ice            56%        4d20      2%          7
f - Spellforged Servitor  Conj/Summ      51%        N/A       1%          7
g - Blink                 Tloc           100%       N/A       1%          2
h - Lee's Rapid Deconstr  Erth           71%        3d33*     0%          5
i - Yara's Violent Unrav  Hex/Tmut       33%        3d14      2%          5
j - Shatter               Erth           71%        3d52*     1%          9
k - Borgnjor's Vile Clut  Necr/Erth      56%        N/A       1%          5
l - Apportation           Tloc           100%       N/A       1%          1
m - Ignition              Fire           71%        3d19      1%          8

Your spell library contained the following spells:

 Spells                   Type           Power      Damage    Failure   Level
 Foxfire                  Conj/Fire      100%       2x1d9     0%          1
 Freeze                   Ice            100%       1d11      0%          1
 Magic Dart               Conj           100%       1d8       0%          1
 Sandblast                Erth           100%       2d20      0%          1
 Shock                    Conj/Air       100%       1d9       0%          1
 Beastly Appendage        Tmut           100%       N/A       1%          1
 Slow                     Hex            100%       N/A       1%          1
 Summon Small Mammal      Summ           100%       N/A       1%          1
 Necrotise                Necr           100%       1d9       3%          1
 Passwall                 Tmut/Erth      100%       N/A       0%          2
 Scorch                   Fire           100%       2d10      0%          2
 Searing Ray              Conj           100%       2d8       0%          2
 Static Discharge         Conj/Air       100%       3-16/arc  0%          2
 Conjure Flame            Conj/Fire      100%       6-21      0%          3
 Dazzling Flash           Conj/Hex       100%       N/A       0%          3
 Inner Flame              Hex/Fire       100%       N/A       0%          3
 Stone Arrow              Conj/Erth      100%       3d13      0%          3
 Animate Armour           Summ/Erth      100%       N/A       0%          4
 Flame Wave               Conj/Fire      100%       2d21      0%          4
 Hailstorm                Conj/Ice       100%       3d20      0%          4
 Sticky Flame             Conj/Fire      100%       2d11      0%          4
 Fireball                 Conj/Fire      71%        3d27      0%          5
 Iskenderun's Battlesphe  Conj           100%       2d15      0%          5
 Starburst                Conj/Fire      71%        6d18      0%          6
 Call Imp                 Summ           84%        N/A       1%          2
 Ensorcelled Hibernation  Hex/Ice        100%       N/A       1%          2
 Poisonous Vapours        Pois/Air       100%       N/A       1%          2
 Wereblood                Tmut           71%        N/A       1%          2
 Call Canine Familiar     Summ           84%        N/A       1%          3
 Confusing Touch          Hex            61%        N/A       1%          3
 Frozen Ramparts          Ice            100%       1d16      1%          3
 Ignite Poison            Fire/Tmut/Pois 100%       N/A       1%          3
 Mephitic Cloud           Conj/Pois/Air  100%       N/A       1%          3
 Ozocubu's Armour         Ice            100%       N/A       1%          3
 Spider Form              Tmut/Pois      71%        N/A       1%          3
 Summon Guardian Golem    Hex/Summ       73%        N/A       1%          3
 Swiftness                Air            83%        N/A       1%          3
 Tukima's Dance           Hex            61%        N/A       1%          3
 Airstrike                Air            41%        2d(6-22)  1%          4
 Fulminant Prism          Conj/Hex       47%        3d21      1%          4
 Ice Form                 Ice/Tmut       100%       N/A       1%          4
 Iskenderun's Mystic Bla  Conj/Tloc      94%        2d18      1%          4
 Leda's Liquefaction      Hex/Erth       59%        N/A       1%          4
 Olgreb's Toxic Radiance  Pois           71%        N/A       1%          4
 Petrify                  Tmut/Erth      100%       N/A       1%          4
 Summon Ice Beast         Ice/Summ       100%       N/A       1%          4
 Summon Lightning Spire   Summ/Air       95%        N/A       1%          4
 Freezing Cloud           Conj/Ice/Air   70%        6-21      1%          5
 Irradiate                Conj/Tmut      49%        3d28      1%          5
 Lightning Bolt           Conj/Air       59%        1d82      1%          5
 Conjure Ball Lightning   Conj/Air       59%        3x3d21    1%          6
 Portal Projectile        Hex/Tloc       100%       N/A       2%          3
 Metabolic Englaciation   Hex/Ice        49%        N/A       2%          5
 Gell's Gravitas          Tloc           57%        N/A       3%          3
 Lesser Beckoning         Tloc           57%        N/A       3%          3
 Teleport Other           Tloc           57%        N/A       3%          3
 Summon Mana Viper        Hex/Summ       73%        N/A       4%          5
 Alistair's Intoxication  Tmut/Pois      47%        N/A       5%          5
 Blade Hands              Tmut           35%        N/A       5%          5
 Summon Forest            Summ/Tloc      35%        N/A       5%          5
 Summon Cactus Giant      Summ           42%        N/A       5%          6
 Cause Fear               Hex            30%        N/A       6%          4
 Corpse Rot               Necr/Pois/Air  79%        N/A       7%          4
 Eringya's Noxious Bog    Tmut/Pois      35%        N/A       8%          6
 Vampiric Draining        Necr           41%        2d8       10%         3
 Passage of Golubria      Tloc           57%        N/A       10%         4
 Anguish                  Hex/Necr       26%        N/A       14%         4
 Silence                  Hex/Air        40%        N/A       16%         5
 Manifold Assault         Tloc           57%        N/A       26%         5
 Simulacrum               Ice/Necr       45%        N/A       30%         6
 Monstrous Menagerie      Summ           42%        N/A       30%         7
 Summon Hydra             Summ           42%        N/A       30%         7
 Animate Dead             Necr           41%        N/A       32%         4
 Dispel Undead            Necr           41%        3d16      32%         4
 Agony                    Necr           41%        N/A       67%         5
 Chain Lightning          Conj/Air       59%        3d79      73%         9
 Dispersal                Tloc           28%        N/A       83%         6
 Dragon Form              Tmut           35%        N/A       85%         7
 Malign Gateway           Summ/Tloc      35%        N/A       85%         7
 Polar Vortex             Ice            56%        N/A       93%         9
 Storm Form               Tmut/Air       43%        N/A       94%         7
 Summon Horrible Things   Summ           42%        N/A       94%         8
 Haunt                    Necr/Summ      33%        N/A       96%         7
 Death Channel            Necr           20%        N/A       99%         6
 Enfeeble                 Hex            30%        N/A       99%         7
 Maxwell's Capacitive Co  Air            41%        ∞         99%         8
 Borgnjor's Revivificati  Necr           20%        N/A       100%        8
 Disjunction              Tloc           28%        N/A       100%        8
 Infestation              Necr           20%        N/A       100%        8
 Necromutation            Tmut/Necr      29%        N/A       100%        8
 Death's Door             Necr           20%        N/A       100%        9
 Dragon's Call            Summ           42%        N/A       100%        9
 Statue Form              Tmut/Erth      Unusable   N/A       N/A         6
 Sublimation of Blood     Necr           Unusable   N/A       N/A         2

Dungeon Overview and Level Annotations

Branches:
Dungeon (15/15)            Temple (1/1) D:4            Lair (5/5) D:11
 Shoals (4/4) Lair:2        Snake (4/4) Lair:2        Slime (5/5) Lair:5
    Orc (2/2) D:9             Elf (3/3) Orc:2        Vaults (5/5) D:14
  Crypt (3/3) Vaults:2       Tomb (3/3) Crypt:3      Depths (4/4) D:15
   Hell (visited)             Dis (7/7) Hell            Geh (7/7) Hell
    Coc (7/7) Hell            Tar (7/7) Hell            Zot (5/5) Depths:4
Gauntlet (visited)

Altars:
Ashenzari
Cheibriados
Dithmenos
Elyvilon
Fedhas
Gozag
Hepliaklqana
Kikubaaqudgha
Makhleb
Nemelex Xobeh
Okawaru
Qazlal
Ru
Sif Muna
Trog
Uskayaw
Vehumet
Wu Jian
Xom
Yredelemnul
Zin
The Shining One

Shops:
D:3 !**   D:4 ?   D:7 *   Orc:2 (=[*   Elf:1 ?   Elf:2 *   Snake:1 =:=
Snake:2 =[(   Snake:4 ?   Vaults:2 (   Vaults:3 ?   Depths:1 *

Portals:
Hell: Depths:1 Depths:2 Depths:3 Depths:4
Abyss: Depths:3 Depths:4
Pandemonium: Depths:2 Depths:3 Depths:4
Ziggurat: Hell Depths:4


Innate Abilities, Weirdness & Mutations

You are immune to sickness and miasma.
Your stone body is resilient. (AC +20)
You are immune to poison.
Your large and strong wings let you fly.
You resist negative energy. (rN+)
You are resistant to electric shocks. (rElec)
You are resistant to unholy torment.
You are immune to petrification.
You are agile. (Dex +4, Str/Int -1)
Your natural rate of healing is unusually fast.
Your muscles are strong. (Str +4, Int/Dex -1)


Message History

You fade into invisibility!
Your extra speed is starting to run out.
A Hell Sentinel comes into view.
Casting: Lehudib's Crystal Spear (mildly dangerous; 1% risk of failure)
Confirm with . or Enter, or press ? or * to list all spells.
Aiming: Borgnjor's Vile Clutch (mildly dangerous; 1% risk of failure)
Press: ? - help, Shift-Dir - straight line, f - Hell Sentinel
Aim: a Hell Sentinel (100% to hit)
You feel a strong surge of power!
Zombie hands grab the Hell Sentinel.
The zombie hands constrict the Hell Sentinel!
You feel a strong surge of power!
The iron shot hits the Hell Sentinel!!!
The Hell Sentinel is moderately wounded.
The zombie hands constrict the Hell Sentinel, but do no damage.
You feel a strong surge of power!
The iron shot hits the Hell Sentinel!!!!
The Hell Sentinel is almost dead.
The zombie hands constrict the Hell Sentinel!
The Hell Sentinel struggles to escape constriction.
You feel a strong surge of power!
The iron shot hits the Hell Sentinel!!!
You kill the Hell Sentinel!
Vehumet accepts your kill.
You feel your power returning.
You flicker for a moment.
There is an open door here.
You feel yourself slow down.
Magic restored.
You flicker back into view.
There is an open door here.
There is an open door here.
A sixfirhy comes into view.
You feel a strong surge of power!
The iron shot hits the sixfirhy!!!
You kill the sixfirhy!
Vehumet accepts your kill.
You feel your power returning.
There is an open door here.
You see here a +0 leather armour.
You feel a little less clever now.
There is a staircase leading out of the dungeon here.
You have escaped!

...#.# #.....# #....##.# ##
####.# #.....# #....##.####
.....#### #.....# #....##.....
...#....#####.#...###############
...'....'..[..#.....#
...#....#######...>.# ...#....#
#.....# ...#....# #...###
...#....# #.@.# ...#....# #...#
...#....# ##### ...#....#
####....# ######


There were no monsters in sight!

Vanquished Creatures
  Antaeus (Coc:7)
  Asmodeus (Geh:7)
  Ereshkigal (Tar:7)
  Gloorx Vloq (Pan)
  the Serpent of Hell (Geh:7)
  Mnoleg (Pan)
  16 dread liches
  Tiamat (Zot:2)
  10 ancient liches
  2 orbs of fire
  Dispater (Dis:7)
  Mennas (Crypt:1)
  9 pandemonium lords
  11 juggernauts
  Sojobo (Vaults:2)
  Boris (thrice) (Vaults:3 Depths:2 Tomb:3)
  17 royal mummies
  7 Killer Klowns
  Bai Suzhen (Snake:4)
  Xtahua (Vaults:5)
  2 curse toes
  Margery (Crypt:2)
  Vashnia (Snake:2)
  Geryon (Hell)
  16 shard shrikes
  16 caustic shrikes
  32 golden dragons
  20 bone dragons
  12 profane servitors
  12 Brimstone Fiends
  16 Tzitzimimeh
  7 hellephants
  10 doom hounds
  16 tainted leviathans
  2 spectral shard shrikes
  3 electric golems
  33 Hell Sentinels
  Zenata (Vaults:3)
  Asterion (Snake:2)
  30 tentacled monstrosities
  16 iron giants (Dis:7)
  22 Orb Guardians
  8 searing wretches
  18 Ice Fiends
  4 deep elf master archers (Elf:3)
  5 deep elf blademasters
  11 liches
  5 quicksilver dragons
  31 acid blobs
  15 titans
  27 ancient champions
  4 tentacled starspawn
  6 krakens
  18 Executioners
  Agnes (Snake:3)
  4 death cobs
  Kirke (Lair:4)
  9 sphinxes
  Polyphemus (Shoals:2)
  Donald (Snake:3)
  9 shadow dragons
  19 storm dragons
  12 nagarajas
  6 tengu reavers
  A shadow dragon (shapeshifter) (Zig:11)
  3 draconian monks
  4 demonspawn warmongers
  11 azure jellies
  A daeva (Abyss:3)
  11 frost giants
  6 rockslimes
  A fenstrider witch (Zig:24)
  9 fire giants
  8 revenants
  5 draconian knights
  6 emperor scorpions
  8 narguns
  8 deep elf sorcerers
  16 vault wardens
  A spectral juggernaut (Tar:4)
  7 quicksilver elementals
  4 deep elf elementalists (Elf:3)
  11 orc warlords
  13 ghost moths
  A ghost moth (shapeshifter) (Zig:26)
  2 draconian scorchers
  Aizul (Vaults:3)
  35 balrugs
  8 curse skulls
  7 iron dragons
  A caustic shrike zombie (Crypt:1)
  17 cacodemons
  4 draconian shifters
  6 shard shrike simulacra
  A spectral caustic shrike (Depths:3)
  16 ironbound preservers
  15 very ugly things
  6 draconian annihilators
  6 draconian stormcallers
  5 quicksilver oozes
  A broodmother (Zig:10)
  9 ghouls
  2 spriggan defenders (Depths:2)
  A caustic shrike skeleton (Crypt:3)
  An eleionoma (shapeshifter) (Zig:11)
  19 reapers
  7 ironbound thunderhulks
  12 demonspawn blood saints
  19 war gargoyles
  11 vampire knights
  4 demonspawn corrupters
  22 stone giants
  22 putrid mouths
  8 black draconians
  9 bennus
  10 green draconians
  25 elemental wellsprings
  5 deep elf demonologists
  10 deep elf annihilators
  7 demonspawn black suns
  5 eleionomae
  17 lorocyprocas
  6 white draconians
  The ghost of MacCMillion the Nimble, a journeyman MfGl of Okawaru (Lair:4)
  4 bunyips
  An entropy weaver (Vaults:2)
  A minotaur (Gauntlet)
  7 purple draconians
  4 yellow draconians
  8 wendigos
  18 eidola
  A spark wasp (Depths:4)
  8 dire elephants
  8 red draconians
  Snorg (Lair:4)
  40 green deaths
  19 blizzard demons
  14 deep elf death magi
  2 deep elf high priests (Vaults:5)
  11 crystal guardians (Depths:3)
  15 ettins
  18 mummy priests
  A spectral iron giant (Tar:4)
  12 iron golems
  12 merfolk javelineers
  2 spectral krakens (Tar:7)
  15 yaktaur captains
  10 merfolk impalers
  3 fire dragons
  9 ice dragons
  6 jiangshi
  10 great orbs of eyes
  Josephine (D:9)
  10 shambling mangroves
  3 spriggan zombies
  A hydra (shapeshifter) (Zig:26)
  12 salamander tyrants
  A peacekeeper (Vaults:4)
  32 vault guards
  A fenstrider witch zombie (Crypt:1)
  2 spectral spriggans (Tar:4)
  2 rakshasas (Depths:2)
  5 boulder beetles
  38 hydras
  4 ogre magi
  Harold (D:10)
  7 juggernaut simulacra
  14 centaur warriors
  10 ironbound frosthearts
  7 caustic shrike simulacra
  2 catoblepae
  7 merfolk avatars
  5 hell beasts
  3 spriggan air magi
  11 merfolk aquamancers
  3 fenstrider witch skeletons
  5 alligator snapping turtles
  An alligator snapping turtle (shapeshifter) (Zig:11)
  An anaconda (shapeshifter) (Vaults:1)
  3 stokers
  2 ghost crabs
  2 death knights
  17 naga warriors
  5 alligators
  A satyr (Shoals:2)
  10 anacondas
  5 two-headed ogres
  16 dancing weapons
  8 deep troll shamans
  82 death scarabs
  3 tengu warriors
  5 death yaks
  A spectral stone giant (Tar:3)
  20 hell hogs
  25 orc high priests
  20 naga sharpshooters
  18 vampire magi
  3 thrashing horrors
  14 shock serpents
  2 spriggan berserkers
  12 deep troll earth magi
  A storm dragon zombie (Tomb:1)
  10 spriggans
  6 hell knights
  33 sun demons
  11 crystal echidnas
  19 shadow wraiths
  13 deep elf knights
  Sonja (D:13)
  16 iron trolls
  52 skeletal warriors
  24 soul eaters
  7 salamander mystics (Snake:4)
  18 sixfirhies
  A spatial maelstrom (Abyss:3)
  A storm dragon skeleton (Crypt:3)
  6 wretched stars
  2 quicksilver dragon simulacra
  28 swamp dragons
  5 goliath frogs
  2 death drakes (shapeshifter)
  27 death drakes
  A sun moth (Zig:27)
  A goliath frog (shapeshifter) (Zig:26)
  4 pharaoh ants
  2 titan skeletons
  An iron giant zombie (Crypt:3)
  12 shadow demons
  33 sea snakes
  5 flayed ghosts
  3 bunyip zombies
  An orb spider (shapeshifter) (D:13)
  4 spriggan druids
  8 glowing orange brains
  47 deep trolls
  A spriggan rider (Zig:27)
  A steelbarb worm (Zig:10)
  2 orb spiders (Zig:10)
  4 bunyip skeletons
  A spectral anaconda (Tar:4)
  9 bog bodies
  4 naga ritualists
  A kraken simulacrum (Hell)
  An orange crystal statue (Depths:3)
  An iron dragon zombie (Crypt:2)
  17 ironbound convokers
  34 large abominations
  14 wizards
  Pikel (D:9)
  10 orc knights
  6 lindwurms
  14 harpies
  15 deep elf archers
  17 phantasmal warriors
  20 necromancers
  35 deep elf pyromancers
  25 deep elf zephyrmancers
  3 wolf spiders
  A shadow dragon skeleton (Pan)
  8 mana vipers
  49 oklob plants
  27 ugly things
  13 orc sorcerers
  A stone giant zombie (Crypt:3)
  16 manticores
  7 shining eyes
  A fire giant zombie (Depths:1)
  2 fauns (Shoals:3)
  9 will-o-the-wisps
  2 spectral ettins
  A cyclops (shapeshifter) (Zig:11)
  A manticore (shapeshifter) (Vaults:4)
  A worldbinder (Abyss:3)
  32 moths of wrath
  8 cyclopes
  A faun (shapeshifter) (Zig:26)
  17 salamanders
  2 stone giant skeletons (Pan)
  2 dire elephant zombies
  Maurice (D:9)
  10 rust devils
  An elephant (shapeshifter) (Zig:11)
  10 elephants (Lair:4)
  18 vault sentinels
  Joseph (D:8)
  9 merfolk sirens
  An alligator snapping turtle zombie (Crypt:2)
  27 naga magi
  8 water nymphs
  14 guardian serpents
  4 apocalypse crabs
  6 eyes of devastation
  14 molten gargoyles
  41 black mambas
  59 smoke demons
  6 titan simulacra
  5 torpor snails
  14 orange demons
  2 ice statues (Hell)
  2 gargoyles
  5 spectral swamp worms (Tar:7)
  2 unseen horrors
  A yaktaur zombie (Vaults:4)
  2 centaur skeletons
  3 naga skeletons
  2 dire elephant skeletons
  21 hellions
  7 rime drakes
  2 alligator snapping turtle skeletons (Crypt:3)
  15 demonic crawlers
  13 cane toads
  7 efreet
  3 kobold demonologists
  45 starcursed masses
  A yaktaur (shapeshifter) (Zig:5)
  14 yaktaurs
  15 tormentors
  7 komodo dragons
  7 spriggan skeletons
  11 freezing wraiths
  A sea snake zombie (Hell)
  2 iron giant simulacra
  30 guardian mummies
  6 harpy zombies
  27 hellwings
  4 ice devils
  3 tengu conjurers
  7 anaconda simulacra
  A silent spectre (Tar:1)
  12 trolls
  5 tyrant leeches
  A polar bear (shapeshifter) (Vaults:5)
  8 polar bears
  33 merfolk
  4 ancient zymes
  A merfolk (shapeshifter) (Elf:2)
  2 bloated husks
  6 wind drakes
  A queen bee (D:11)
  12 red devils
  A wolf spider simulacrum (D:14)
  2 harpy skeletons
  6 meliai
  A spectral harpy (Tar:1)
  A shadow dragon simulacrum (Coc:1)
  93 slime creatures
  31 hornets
  3 hydra skeletons (Hell)
  3 iron dragon simulacra
  9 raiju
  6 dream sheep
  22 snapping turtles
  An alligator zombie (Crypt:2)
  A stone giant simulacrum (Coc:3)
  18 blink frogs
  3 ettin zombies
  A jumping spider (Zig:10)
  4 shadows
  12 wraiths
  An alligator skeleton (Crypt:2)
  13 flying skulls
  A jumping spider (shapeshifter) (Vaults:5)
  An ice dragon skeleton (Crypt:2)
  42 yaks
  3 air elementals
  9 small abominations
  An ettin skeleton (Crypt:3)
  4 wyverns
  14 dire elephant simulacra
  A culicivora (Zig:10)
  2 hogs
  6 ushabtiu
  19 water elementals
  34 ynoxinuls
  6 basilisks
  An alligator snapping turtle simulacrum (Coc:1)
  9 fire elementals
  3 redbacks
  2 golden eyes
  19 chaos spawn
  An elf skeleton (Vaults:4)
  26 neqoxecs
  2 wind drake skeletons (Crypt:2)
  5 vampire mosquitoes
  A merfolk zombie (Crypt:1)
  21 harpy simulacra
  8 wargs
  A swamp worm (shapeshifter) (Zig:11)
  55 nagas
  4 hydra simulacra
  16 water moccasins
  3 acid dragons
  6 hell hounds
  2 floating eyes (Zig:16)
  A floating eye (shapeshifter) (Zig:11)
  A glowing shapeshifter skeleton (Vaults:4)
  2 swamp drakes
  74 orc warriors
  A water nymph skeleton (Crypt:1)
  5 spriggan simulacra
  6 black bears (D:11)
  2 ice beasts
  A sky beast (Vaults:2)
  6 ettin simulacra
  26 ogres
  4 wolves
  6 boggarts
  A black mamba simulacrum (Coc:1)
  4 centaurs
  4 lemures (D:9)
  A phantom (D:5)
  A komodo dragon zombie (Crypt:1)
  3 kobold brigands
  2 nameless horrors
  Blork the orc (D:4)
  2 earth elementals
  4 necrophages
  13 bullfrogs
  3 scorpions
  6 naga simulacra
  8 wyvern skeletons (Crypt:3)
  14 wights
  A troll zombie (Crypt:2)
  29 killer bees
  A shapeshifter skeleton (Crypt:2)
  6 howler monkeys
  8 electric eels
  A vampire bat (Vaults:2)
  3 crimson imps (Gauntlet)
  7 quasits
  A bullfrog zombie (Crypt:2)
  3 jellies
  4 hounds
  27 orc priests
  A gnoll bouda (D:3)
  An iron imp (Abyss:2)
  A human skeleton (Crypt:2)
  5 iguanas
  44 orc wizards
  7 hell rats
  4 lightning spires (Vaults:2)
  20 mummies
  8 gnolls
  6 adders
  4 shadow imps
  4 white imps
  5 ufetubi
  An iguana zombie (Crypt:1)
  2 worms (D:2)
  4 dart slugs
  103 orcs
  9 ball pythons
  6 endoplasms
  4 giant cockroaches
  7 goblins
  6 hobgoblins
  8 jackals
  A quokka (D:2)
  A ball python (shapeshifter) (Zig:26)
  16 bats
  A dart slug zombie (Crypt:1)
  6 frilled lizards
  17 kobolds
  3 rats
  4 ball lightnings
  A bush (D:12)
  2 creeping infernos (Geh:7)
  37 fire vortices
  A starspawn tentacle (Abyss:3)
  A tentacle (Abyss:2)
4441 creatures vanquished.

Vanquished Creatures (collateral kills)
  Cerebov (Pan)
  A pandemonium lord (Zig:11)
  the Royal Jelly (Slime:5)
  Lom Lobon (Pan)
  A dread lich (Zot:5)
  An ancient lich (Zig:21)
  An orb of fire (Zot:5)
  4 juggernauts
  7 royal mummies
  2 Killer Klowns
  5 shard shrikes
  3 caustic shrikes
  A curse toe (Zot:1)
  4 golden dragons
  9 bone dragons
  14 profane servitors
  2 doom hounds
  2 iron giants (Dis:7)
  13 Tzitzimimeh
  3 Brimstone Fiends
  6 hellephants (Geh:7)
  15 tentacled monstrosities
  6 Hell Sentinels
  10 Ice Fiends
  5 Orb Guardians (Zot:5)
  9 tainted leviathans
  A lich (Tomb:1)
  A searing wretch (Geh:7)
  7 titans
  Grunn (Depths:3)
  3 quicksilver dragons
  An acid blob (Slime:5)
  A kraken (Abyss:2)
  3 death cobs
  7 sphinxes
  3 tentacled starspawn
  8 ancient champions
  11 Executioners
  8 storm dragons
  The ghost of Meurheor the Brawler, an adept TrMo of Nemelex Xobeh (Depths:2)
  2 revenants
  A tengu reaver (Vaults:2)
  5 shadow dragons
  5 draconian monks
  A thorn hunter (Zig:24)
  5 azure jellies
  3 narguns
  A demonspawn warmonger (Zig:22)
  A draconian knight (Zot:2)
  A fenstrider witch (Zig:25)
  A rockslime (Zig:18)
  A caustic shrike zombie (Tomb:3)
  9 fire giants
  A deep elf sorcerer (Abyss:3)
  2 draconian scorchers
  2 quicksilver elementals
  5 frost giants
  A vault warden (Vaults:2)
  2 shard shrike simulacra (Coc:5)
  A spectral juggernaut (Tar:2)
  2 ghouls
  9 balrugs
  3 draconian annihilators
  2 draconian stormcallers (Zot:2)
  8 war gargoyles
  4 spectral caustic shrikes
  A spriggan defender (Depths:2)
  4 cacodemons
  An ironbound preserver (Vaults:4)
  2 quicksilver oozes (Slime:5)
  9 reapers
  3 demonspawn corrupters
  5 very ugly things
  A vampire knight (Zig:21)
  4 green draconians
  2 ironbound thunderhulks (Vaults:4)
  7 stone giants
  2 entropy weavers
  7 bennus
  A rockslime zombie (Crypt:1)
  2 demonspawn black suns
  11 putrid mouths
  6 black draconians
  2 red draconians
  An elemental wellspring (Coc:7)
  An eleionoma (Zig:23)
  2 yellow draconians
  2 white draconians (Zot:2)
  2 spark wasps (Depths:4)
  9 wendigos
  A bunyip (Zig:24)
  6 dire elephants
  2 purple draconians
  4 iron golems
  4 eidola
  A quicksilver dragon zombie (Crypt:3)
  6 green deaths
  A spectral quicksilver dragon (Tar:5)
  2 jiangshi (Crypt:2)
  A deep elf death mage (Crypt:3)
  3 fire dragons
  7 blizzard demons
  A shambling mangrove (Zig:24)
  An ettin (shapeshifter) (Vaults:4)
  An ettin (Depths:2)
  2 yaktaur captains
  6 hell beasts
  A great orb of eyes (Vaults:3)
  A rakshasa (Abyss:2)
  2 caustic shrike simulacra
  2 vault guards
  4 hydras (Zig:25)
  4 ice dragons
  6 salamander tyrants
  4 spriggan skeletons
  3 boulder beetles
  An ironbound frostheart (Vaults:3)
  2 centaur warriors (Vaults:1)
  An alligator snapping turtle (Zig:27)
  13 death scarabs
  2 deep troll shamans
  A deep troll earth mage (Depths:4)
  A tengu warrior (Depths:2)
  11 hell hogs
  A spectral dire elephant (Tar:3)
  A vampire mage (Crypt:2)
  An orc high priest (Zig:19)
  7 thrashing horrors
  A deep elf knight (Elf:2)
  5 soul eaters
  15 sun demons
  4 dancing weapons (Elf:2)
  A spriggan berserker (Depths:4)
  6 hell knights (Hell)
  A spriggan (Depths:2)
  A titan zombie (Crypt:3)
  5 iron trolls
  A crystal echidna (Dis:1)
  A titan skeleton (Pan)
  2 shadow wraiths
  11 sixfirhies
  3 skeletal warriors
  A spectral bunyip (Tar:2)
  A flayed ghost (Zig:13)
  3 quicksilver dragon simulacra
  An anaconda zombie (Crypt:3)
  2 death drakes
  A spectral iron dragon (Tar:4)
  A spatial maelstrom (Zig:15)
  A steelbarb worm (shapeshifter) (Zig:26)
  7 deep trolls
  3 shadow demons
  4 swamp dragons
  2 spriggan simulacra
  5 wizards
  4 phantasmal warriors
  An ironbound convoker (Vaults:3)
  An orc knight (Zig:19)
  5 lindwurms
  A deep elf pyromancer (Vaults:2)
  A deep elf zephyrmancer (Elf:2)
  3 necromancers
  A spectral ettin (Tar:1)
  An orc sorcerer (Zig:19)
  3 worldbinders
  10 ugly things
  8 moths of wrath
  An apocalypse crab (Abyss:3)
  A spectral centaur (Tar:2)
  A vault sentinel (Vaults:4)
  2 molten gargoyles (Geh:7)
  12 orange demons
  A storm dragon simulacrum (Abyss:2)
  12 smoke demons
  A centaur skeleton (Pan)
  27 large abominations
  6 spectral swamp worms (Tar:7)
  2 demonic crawlers (Pan)
  4 hellions
  6 tormentors
  10 starcursed masses
  5 freezing wraiths
  A yaktaur (Vaults:4)
  2 efreet (Pan)
  An ice devil (Zot:5)
  9 hellwings
  6 ancient zymes
  10 guardian mummies
  2 anaconda simulacra
  A spectral naga (Tar:2)
  4 red devils
  7 raiju (Abyss:3)
  12 slime creatures
  A tyrant leech (Zig:23)
  A hydra skeleton (Crypt:1)
  A hornet (Depths:2)
  7 blink frogs (Abyss:3)
  A dream sheep (Lair:4)
  A deep troll zombie (Vaults:4)
  An air elemental (Vaults:2)
  7 flying skulls
  A dire elephant simulacrum (Coc:5)
  3 ynoxinuls
  A naga simulacrum (Coc:7)
  An ushabti (Tomb:1)
  A water elemental (Hell)
  5 neqoxecs (Pan)
  A wyvern (Lair:4)
  5 golden eyes (Slime:5)
  A redback (shapeshifter) (Abyss:3)
  A redback (Abyss:3)
  4 chaos spawn
  A warg (Zig:20)
  A harpy simulacrum (Coc:6)
  2 spatial vortices (Abyss:3)
  6 hell hounds (Hell)
  An ogre (Zig:19)
  A bullfrog (Lair:4)
  2 earth elementals
  8 small abominations
  A nameless horror (Abyss:3)
  A jelly (Abyss:3)
  2 iron imps
  3 hell rats (Hell)
  2 mummies (Tomb:3)
  2 ball lightnings
  A creeping inferno (Geh:7)
  7 fire vortices
  A lurking horror (Abyss:3)
  A starspawn tentacle (Abyss:3)
  2 tentacles
829 creatures vanquished.

Vanquished Creatures (others)
  2 eldritch tentacles
  2 shard shrike simulacra (Coc:7)
  A demonspawn blood saint (Pan)
  A green death (Zig:24)
  A caustic shrike simulacrum (Coc:5)
  A hydra (Zig:25)
  A juggernaut simulacrum (Coc:3)
  A goliath frog (Zig:25)
  A quicksilver dragon simulacrum (Coc:7)
  A black mamba (Snake:4)
  2 smoke demons (Pan)
  A tormentor (Geh:1)
  An ancient zyme (Abyss:3)
  A red devil (Pan)
  An anaconda simulacrum (Coc:3)
  2 bloated husks
  A naga simulacrum (Coc:1)
  A harpy simulacrum (Coc:6)
  A large abomination (Zig:22)
  A small abomination (Abyss:3)
  An orc wizard (Orc:2)
  An ufetubus (Abyss:3)
  12 ball lightnings (Pan)
  3 bushes (D:11)
  20 demonic plants
  466 fire vortices
  18 foxfires
  47 fungi
  201 plants
  14 starspawn tentacles
  155 tentacles
  12 toadstools (D:12)
  24 withered plants (Crypt:3)
998 creatures vanquished.

Grand Total: 6268 creatures vanquished

Notes
Turn   | Place    | Note
-------+----------+-------------------------------------------
     0 | D:1      | CungeonDrawl the Gargoyle Earth Elementalist began the
                  | quest for the Orb.
     0 | D:1      | Reached XP level 1. HP: 10/10 MP: 3/3
   226 | D:1      | You fall into a shaft and drop 1 floor!
   232 | D:2      | Reached XP level 2. HP: 15/15 MP: 1/5
   470 | D:2      | Reached skill level 5 in Earth Magic
   470 | D:2      | Reached XP level 3. HP: 19/19 MP: 2/6
   732 | D:2      | Found a shimmering altar of Xom.
  1018 | D:2      | Identified the +8 spear "Taceyn" {vorpal, Dex+5}
  1430 | D:1      | Found a faded altar of an unknown god.
  1501 | D:1      | Reached XP level 4. HP: 24/24 MP: 5/7
  2164 | D:3      | Found Xife's Distillery.
  2199 | D:3      | Bought a potion of heal wounds for 70 gold pieces
  2222 | D:3      | Found a burning altar of Makhleb.
  2223 | D:3      | Found a hazy altar of Hepliaklqana.
  2489 | D:3      | Found a sparkling altar of Nemelex Xobeh.
  2582 | D:3      | Found Wiloodep's General Store.
  2592 | D:3      | Bought a scroll of identify for 26 gold pieces
  2631 | D:3      | Found a stormy altar of Qazlal.
  3089 | D:3      | Found Idymnouw's Assorted Antiques.
  3126 | D:4      | Reached XP level 5. HP: 23/28 MP: 4/8
  3261 | D:4      | Found a staircase to the Ecumenical Temple.
  3312 | D:3      | Reached XP level 6. HP: 26/32 MP: 1/9
  3554 | Temple   | Entered the Ecumenical Temple
  3596 | Temple   | Became a worshipper of Vehumet
  3840 | D:4      | Noticed Blork the orc
  4063 | D:4      | Reached XP level 7. HP: 27/36 MP: 4/10
  4297 | D:4      | Found Rixkiwa's Magic Scroll Shoppe.
  4452 | D:4      | Bought a scroll of teleportation for 39 gold pieces
  4596 | D:4      | Killed Blork the orc
  4638 | D:5      | Entered Level 5 of the Dungeon
  4666 | D:4      | Reached skill level 10 in Earth Magic
  5127 | D:5      | Reached * piety under Vehumet
  5127 | D:5      | Offered knowledge of Freeze by Vehumet.
  5321 | D:5      | Reached XP level 8. HP: 41/41 MP: 9/11
  5608 | D:5      | Learned a level 3 spell: Stone Arrow
  5675 | D:5      | Reached skill level 1 in Fighting
  5999 | D:5      | Offered knowledge of Magic Dart by Vehumet.
  6067 | D:5      | Reached ** piety under Vehumet
  6482 | D:4      | Bought a scroll of blinking for 97 gold pieces
  7058 | D:6      | Reached skill level 5 in Fighting
  7272 | D:6      | Found an iron altar of Okawaru.
  7360 | D:6      | Reached XP level 9. HP: 55/55 MP: 8/12
  7563 | D:6      | Reached skill level 1 in Poison Magic
  8670 | D:7      | Learned a level 2 spell: Poisonous Vapours
  9114 | D:7      | Reached skill level 5 in Poison Magic
  9202 | D:7      | Found Senaov's Overcharged Wands.
  9384 | D:7      | Found an ancient bone altar of Kikubaaqudgha.
  9505 | D:7      | Offered knowledge of Conjure Flame by Vehumet.
 10108 | D:8      | Found Norunani's Antique Armour Boutique.
 10258 | D:8      | Reached *** piety under Vehumet
 10336 | D:8      | Found a hide-covered altar of Uskayaw.
 10354 | D:8      | Found a snail-covered altar of Cheibriados.
 10539 | D:8      | Noticed Joseph
 11236 | D:8      | Killed Joseph
 11441 | D:8      | Reached XP level 10. HP: 63/63 MP: 2/13
 11958 | D:3      | Bought a coppery potion for 23 gold pieces
 11958 | D:3      | Bought a scroll labelled JUIVUSOCLA for 26 gold pieces
 12102 | D:9      | Found a basalt altar of Yredelemnul.
 12182 | D:9      | Found a glowing golden altar of the Shining One.
 12206 | D:9      | Noticed Pikel
 12680 | D:9      | Noticed Maurice
 12702 | D:9      | Killed Maurice
 12912 | D:9      | Noticed a two-headed ogre
 13501 | D:9      | Offered knowledge of Mephitic Cloud by Vehumet.
 13630 | D:9      | Found a staircase to the Orcish Mines.
 13653 | D:9      | Learned a level 3 spell: Mephitic Cloud
 13838 | D:10     | Entered Level 10 of the Dungeon
 13871 | D:10     | Noticed Josephine
 14035 | D:9      | Killed a two-headed ogre
 14036 | D:9      | Reached skill level 10 in Fighting
 14202 | D:9      | Killed Josephine
 14651 | D:10     | Reached skill level 5 in Dodging
 14654 | D:10     | Reached XP level 11. HP: 59/73 MP: 2/14
 14947 | D:10     | Noticed Harold
 14986 | D:10     | Reached **** piety under Vehumet
 14991 | D:10     | Offered knowledge of Fireball by Vehumet.
 15094 | D:11     | Reached skill level 1 in Armour
 16392 | D:11     | Noticed a two-headed ogre
 16414 | D:11     | Noticed a cyclops
 16518 | D:11     | Found a staircase to the Lair.
 16577 | D:11     | Reached ***** piety under Vehumet
 16601 | D:11     | Offered knowledge of Spellforged Servitor by Vehumet.
 16889 | D:11     | Killed a two-headed ogre
 17272 | D:11     | Killed a cyclops
 17273 | D:11     | Reached XP level 12. HP: 82/82 MP: 5/15
 17653 | D:12     | Noticed a two-headed ogre
 18309 | D:12     | Found a blossoming altar of Fedhas.
 18405 | D:12     | Killed a two-headed ogre
 19420 | D:12     | Reached skill level 5 in Spellcasting
 19884 | D:13     | Noticed a centaur warrior
 19999 | Lair:1   | Entered Level 1 of the Lair of Beasts
 20008 | Lair:1   | Learned a level 2 spell: Blink
 21431 | D:11     | Offered knowledge of Fulminant Prism by Vehumet.
 21778 | Lair:1   | Noticed a five-headed hydra
 22094 | Lair:1   | Reached skill level 1 in Air Magic
 22206 | Lair:1   | Learned a level 4 spell: Airstrike
 22742 | Lair:2   | Noticed an eight-headed hydra
 22951 | Lair:2   | Identified the +9 war axe "Nuataet" {antimagic, rC+ Str+3}
 23327 | Lair:2   | Reached XP level 13. HP: 87/87 MP: 8/25
 23650 | Lair:2   | Found a staircase to the Shoals.
 23890 | Lair:2   | Found a staircase to the Snake Pit.
 25594 | Lair:2   | Reached skill level 10 in Spellcasting
 26427 | Lair:4   | Noticed Snorg
 26446 | Lair:4   | Killed Snorg
 26909 | Lair:4   | Found a transporter.
 26911 | Lair:4   | Found a transporter.
 27709 | Lair:4   | Offered knowledge of Iron Shot by Vehumet.
 27717 | Lair:4   | Learned a level 6 spell: Iron Shot
 27998 | Lair:4   | Reached skill level 5 in Conjurations
 28128 | Lair:4   | Noticed Kirke
 28317 | Lair:4   | Noticed MacCMillion's ghost (journeyman MfGl)
 28942 | Lair:4   | Gained mutation: Your large and strong wings let you fly.
                  | [Gargoyle growth]
 28942 | Lair:4   | Reached XP level 14. HP: 92/92 MP: 22/29
 29545 | Lair:4   | Killed Kirke
 29665 | Lair:5   | Entered Level 5 of the Lair of Beasts
 30965 | Lair:5   | Reached skill level 1 in Translocations
 31089 | Lair:5   | Found a staircase to the Slime Pits.
 32420 | Lair:5   | Noticed a dire elephant
 33915 | Lair:5   | Killed a dire elephant
 34547 | D:3      | Bought a scroll of fear for 52 gold pieces
 34590 | D:3      | Bought a potion of brilliance for 56 gold pieces
 34590 | D:3      | Bought a potion of invisibility for 112 gold pieces
 34648 | D:4      | Bought a scroll of teleportation for 39 gold pieces
 34648 | D:4      | Bought a scroll of identify for 26 gold pieces
 34934 | Orc:1    | Entered Level 1 of the Orcish Mines
 35057 | Orc:1    | Found a radiant altar of Vehumet.
 35385 | Orc:2    | Entered Level 2 of the Orcish Mines
 36265 | Orc:2    | Offered knowledge of Lee's Rapid Deconstruction by Vehumet.
 36272 | Orc:2    | Learned a level 5 spell: Lee's Rapid Deconstruction
 36310 | Orc:2    | Noticed an orc warlord
 36893 | Orc:2    | Killed an orc warlord
 37311 | Orc:2    | Found a staircase to the Elven Halls.
 38825 | Orc:2    | Reached XP level 15. HP: 97/97 MP: 10/31
 39270 | Orc:2    | Found Songioru's General Store.
 39271 | Orc:2    | Found Loihiuva's Jewellery Boutique.
 39273 | Orc:2    | Found Poreeh's Antique Armour Boutique.
 39273 | Orc:2    | Found Hagin's Antique Weapon Shop.
 39320 | Orc:2    | Bought an opalescent robe for 176 gold pieces
 39320 | Orc:2    | Identified the +2 robe of the Buccaneer {rC- Int+5} (You
                  | bought it in a shop on level 2 of the Orcish Mines)
 40039 | Orc:1    | Noticed an orc warlord
 40078 | Orc:2    | Killed an orc warlord
 40234 | Orc:1    | Offered knowledge of Conjure Ball Lightning by Vehumet.
 40879 | Orc:2    | Bought an amulet of magic regeneration for 330 gold pieces
 41285 | D:10     | Found an ornate altar of the Wu Jian Council.
 42141 | D:13     | Noticed Sonja
 42175 | D:13     | Killed Sonja
 42281 | D:13     | Identified a scroll of acquirement
 42282 | D:13     | Acquired the +0 buckler of Gravitas {Will+ Int+2}
 42426 | D:13     | Reached skill level 1 in Shields
 44538 | D:14     | Found a gate to the Vaults.
 44632 | D:15     | Entered Level 15 of the Dungeon
 44715 | D:15     | Found a staircase to the Depths.
 44759 | D:15     | Found a gate leading to a gauntlet.
 44764 | Gauntlet | Entered a Gauntlet
 44764 | Gauntlet | Found a transporter.
 44764 | Gauntlet | Found a transporter.
 44768 | Gauntlet | Found a transporter.
 44768 | Gauntlet | Found a transporter.
 44791 | Gauntlet | Found a transporter.
 44801 | Gauntlet | Found a transporter.
 44801 | Gauntlet | Found a transporter.
 44806 | Gauntlet | Found a transporter.
 44833 | Gauntlet | Found a transporter.
 44840 | Gauntlet | Found a transporter.
 44858 | Gauntlet | Found a transporter.
 44858 | Gauntlet | Found the -2 hat of the Alchemist {rElec rPois rF+ rC+ rN+
                  | Will+ rMut rCorr}
 44903 | Gauntlet | Found a transporter.
 44917 | Gauntlet | Found a transporter.
 45007 | Gauntlet | Found a transporter.
 45017 | Gauntlet | Found a transporter.
 45033 | Gauntlet | Found a transporter.
 45563 | Gauntlet | Reached skill level 5 in Armour
 45563 | Gauntlet | Reached skill level 5 in Shields
 45913 | D:15     | Reached skill level 15 in Spellcasting
 46474 | D:15     | Reached XP level 16. HP: 95/103 MP: 22/35
 46787 | D:15     | Reached skill level 1 in Transmutations
 47254 | Elf:1    | Entered Level 1 of the Elven Halls
 47530 | Elf:1    | Found Veynt's Magic Scroll Emporium.
 47539 | Elf:1    | Bought a scroll of enchant armour for 82 gold pieces
 48469 | Elf:2    | Offered knowledge of Freezing Cloud by Vehumet.
 48565 | Elf:2    | Found Tuobixi's Assorted Antiques.
 48574 | Elf:2    | Bought a scroll of blinking for 277 gold pieces
 48574 | Elf:2    | Bought a potion of magic for 296 gold pieces
 48610 | Elf:2    | Reached skill level 1 in Hexes
 48855 | Elf:2    | Learned a level 5 spell: Yara's Violent Unravelling
 48862 | Elf:2    | Found a runed translucent gate.
 48862 | Elf:2    | Found a runed translucent gate.
 48862 | Elf:2    | Found a runed translucent gate.
 49075 | Elf:3    | Entered Level 3 of the Elven Halls
 49249 | Elf:3    | Found a shimmering blue altar of Sif Muna.
 49863 | Elf:3    | Reached XP level 17. HP: 108/108 MP: 34/38
 49875 | Elf:3    | Reached skill level 5 in Transmutations
 50444 | Elf:3    | Identified the amulet "Ashrur Wecur" {RegenMP Will- Str+7}
                  | (You took it off a deep elf zephyrmancer on level 3 of the
                  | Elven Halls)
 50474 | Elf:3    | Got Yseunudd's Handbook of the Comitatus
 50960 | Elf:3    | Noticed a deep elf blademaster
 50960 | Elf:3    | Noticed a deep elf blademaster
 50961 | Elf:3    | Noticed a deep elf master archer
 50985 | Elf:3    | Killed a deep elf blademaster
 50990 | Elf:3    | Killed a deep elf master archer
 50997 | Elf:3    | Killed a deep elf blademaster
 51319 | Elf:3    | Noticed a deep elf blademaster
 51338 | Elf:3    | Killed a deep elf blademaster
 51692 | Elf:3    | Noticed a deep elf master archer
 51694 | Elf:3    | Offered knowledge of Eringya's Noxious Bog by Vehumet.
 51696 | Elf:3    | Killed a deep elf master archer
 51820 | Elf:3    | Identified the +4 glaive of the Two Names {spect, rF+
                  | Str+5}
 51893 | Elf:3    | Learned a level 5 spell: Irradiate
 51922 | Elf:3    | Noticed a deep elf master archer
 51922 | Elf:3    | Noticed a deep elf master archer
 51922 | Elf:3    | Noticed a deep elf blademaster
 52308 | Elf:3    | Identified the amulet "Sed Jal" {Reflect *Slow rPois rCorr
                  | SH+5 Stlth+}
 52313 | Elf:3    | Killed a deep elf master archer
 52537 | Elf:3    | Killed a deep elf blademaster
 52583 | Elf:3    | Killed a deep elf master archer
 52584 | Elf:3    | Reached skill level 15 in Fighting
 52787 | Elf:3    | Got The Advanced Guide to Willworking
 52807 | Elf:3    | Identified the +2 pair of gloves "Mawn" {-Tele +Inv Fly
                  | rPois}
 52862 | Elf:3    | Identified the +7 scimitar of the Illusory Invaders {flame,
                  | Fly Will- Str+4 Int+4}
 53165 | Elf:1    | Bought a scroll of teleportation for 33 gold pieces
 53165 | Elf:1    | Bought a scroll of teleportation for 33 gold pieces
 53165 | Elf:1    | Bought a scroll of teleportation for 33 gold pieces
 53165 | Elf:1    | Bought a scroll of teleportation for 33 gold pieces
 53165 | Elf:1    | Bought a scroll of fear for 44 gold pieces
 53365 | D:9      | Killed Pikel
 53472 | D:4      | Bought a scroll of magic mapping for 97 gold pieces
 53794 | D:10     | Killed Harold
 54046 | Snake:1  | Entered Level 1 of the Snake Pit
 54056 | Snake:1  | Reached skill level 1 in Evocations
 54577 | Snake:1  | Reached skill level 10 in Dodging
 54577 | Snake:1  | Reached XP level 18. HP: 119/119 MP: 29/39
 55774 | Snake:1  | Found Cigyty's Jewellery Boutique.
 55775 | Snake:1  | Found Gaehuxeib's Book Shoppe.
 55776 | Snake:1  | Found Meidaele's Jewellery Boutique.
 55879 | Snake:2  | Reached skill level 5 in Evocations
 56143 | Snake:2  | Noticed Asterion
 56280 | Snake:2  | Killed Asterion
 56584 | Snake:2  | Noticed Vashnia
 56603 | Snake:2  | Killed Vashnia
 57002 | Snake:2  | You are sucked into a shaft and drop 1 floor!
 57786 | Snake:2  | Found Lieg's Jewellery Shoppe.
 57788 | Snake:2  | Found Ufifesuo's Antique Weapon Shop.
 57788 | Snake:2  | Found Weusocet's Antique Weapon Boutique.
 57789 | Snake:2  | Found Ynwaffon's Antique Armour Shop.
 58187 | Snake:3  | Noticed Agnes
 58191 | Snake:3  | Killed Agnes
 58662 | Snake:3  | Noticed Donald
 58670 | Snake:3  | Killed Donald
 59212 | Snake:3  | Reached skill level 10 in Conjurations
 59559 | Snake:3  | Reached skill level 15 in Earth Magic
 59978 | Snake:4  | Entered Level 4 of the Snake Pit
 60037 | Snake:4  | Noticed Bai Suzhen
 60043 | Snake:4  | Killed Bai Suzhen
 60545 | Snake:4  | Reached XP level 19. HP: 99/124 MP: 27/40
 62411 | Snake:4  | Identified the +1 hat of Mapruivoc {rF+ rN+ Str-3}
 62462 | Snake:4  | Reached ****** piety under Vehumet
 62778 | Snake:4  | Offered knowledge of Lehudib's Crystal Spear by Vehumet.
 62778 | Snake:4  | Offered knowledge of Shatter by Vehumet.
 62778 | Snake:4  | Offered knowledge of Maxwell's Capacitive Coupling by
                  | Vehumet.
 62788 | Snake:4  | Learned a level 8 spell: Lehudib's Crystal Spear
 62798 | Snake:4  | Learned a level 9 spell: Shatter
 62847 | Snake:4  | Found Rierijao's Magic Scroll Shop.
 62861 | Snake:4  | Bought 2 scrolls of blinking for 285 gold pieces
 63149 | Snake:4  | Got a serpentine rune of Zot
 63281 | Shoals:1 | Entered Level 1 of the Shoals
 65015 | Shoals:2 | Noticed a tentacled monstrosity
 65026 | Shoals:2 | Killed a tentacled monstrosity
 65148 | Shoals:2 | Identified the ring "Kiorul" {rF+++ rC+ Will+ Str+3 Slay+5}
 65174 | Shoals:2 | Got the Book of Mad Ravings
 65741 | Shoals:2 | Reached XP level 20. HP: 89/130 MP: 22/43
 66042 | Shoals:2 | Noticed Polyphemus
 66047 | Shoals:2 | Killed Polyphemus
 68040 | Shoals:4 | Entered Level 4 of the Shoals
 68793 | Shoals:4 | Got a barnacled rune of Zot
 69343 | Shoals:4 | Identified the +1 chain mail of the Hanged Man {rC+ Will+
                  | rCorr Int-3}
 69439 | Shoals:4 | Learned a level 7 spell: Orb of Destruction
 69751 | Shoals:4 | Learned a level 5 spell: Fireball
 70137 | Vaults:1 | Entered Level 1 of the Vaults
 70141 | Vaults:1 | Reached skill level 1 in Summonings
 70308 | Vaults:1 | Found a flickering gateway to a bazaar.
 70321 | Bazaar   | Entered a bazaar
 70321 | Bazaar   | Found Nifunest's Magic Scroll Shoppe.
 70321 | Bazaar   | Found Baecask's Distillery.
 70321 | Bazaar   | Found Valym's Armour Emporium.
 70345 | Bazaar   | Found Nisafeshruu's Distillery.
 70365 | Bazaar   | Bought a potion of mutation for 96 gold pieces
 70365 | Bazaar   | Bought a potion of brilliance for 48 gold pieces
 70371 | Bazaar   | Bought a scroll of teleportation for 36 gold pieces
 70371 | Bazaar   | Bought a scroll of poison for 48 gold pieces
 70371 | Bazaar   | Bought 2 scrolls of poison for 96 gold pieces
 70371 | Bazaar   | Bought a scroll of poison for 48 gold pieces
 70371 | Bazaar   | Bought a scroll of enchant armour for 90 gold pieces
 70377 | Bazaar   | Bought a +1 kite shield of protection for 115 gold pieces
 70383 | Bazaar   | Bought a potion of magic for 96 gold pieces
 70383 | Bazaar   | Bought a potion of resistance for 120 gold pieces
 70383 | Bazaar   | Bought a potion of brilliance for 48 gold pieces
 70383 | Bazaar   | Bought a potion of cancellation for 96 gold pieces
 70383 | Bazaar   | Bought 2 potions of invisibility for 192 gold pieces
 70525 | Vaults:1 | Reached skill level 5 in Summonings
 71445 | Vaults:1 | Reached XP level 21. HP: 135/135 MP: 37/44
 71651 | Vaults:1 | Reached skill level 10 in Summonings
 72162 | Vaults:1 | Learned a level 7 spell: Spellforged Servitor
 73880 | Vaults:2 | Noticed Sojobo
 73886 | Vaults:2 | Killed Sojobo
 74433 | Vaults:2 | Paralysed by an air elemental for 1 turns
 74504 | Vaults:2 | Got Zoerphin's Atlas of the Guild-Master
 74591 | Vaults:2 | Found a staircase to the Crypt.
 74649 | Vaults:2 | Found Doaps's Weapon Shop.
 75001 | Vaults:2 | Got the Vellum of Shapes
 75035 | Vaults:2 | Reached skill level 15 in Conjurations
 75158 | Vaults:2 | Got the Lessons on the Gathering
 75672 | Vaults:3 | Found Bimeiv's Magic Scroll Shop.
 75903 | Vaults:3 | Reached XP level 22. HP: 142/142 MP: 30/45
 75970 | Vaults:3 | Noticed Boris
 75980 | Vaults:3 | Killed Boris
 76189 | Vaults:3 | Noticed Aizul
 76221 | Vaults:3 | Killed Aizul
 76951 | Vaults:3 | Noticed Zenata
 76961 | Vaults:3 | Killed Zenata
 79423 | Depths:1 | Entered Level 1 of the Depths
 80044 | Depths:1 | Identified the +7 rapier of Lunn {vorpal, Fragile Int+9}
 80101 | Depths:1 | Found Biwytirph's Assorted Antiques.
 80169 | Depths:1 | Found a gateway to Hell.
 80483 | Depths:1 | Found a basalt altar of Yredelemnul.
 80885 | Depths:2 | Found a runed translucent door.
 81116 | Depths:2 | Noticed Meurheor's ghost (adept TrMo)
 81173 | Depths:2 | Noticed a golden dragon
 81181 | Depths:2 | Killed a golden dragon
 81398 | Depths:2 | Found a one-way gate leading to the halls of Pandemonium.
 81647 | Depths:2 | Reached XP level 23. HP: 145/155 MP: 9/46
 82247 | Depths:2 | Identified the +5 long sword of Imbalance {flame, rC+
                  | Int+3}
 82867 | Depths:2 | Noticed a caustic shrike
 82872 | Depths:2 | Killed a caustic shrike
 83051 | Depths:2 | Found the +7 captain's cutlass {speed, disarm}
 83053 | Depths:2 | Identified the +3 leather armour of Fortitude {rPois Dex+3
                  | Stlth-}
 83208 | Depths:2 | Killed Meurheor's ghost
 83401 | Depths:3 | Noticed Boris
 83948 | Depths:2 | Killed Boris
 84340 | Depths:3 | Found a portal to a secret trove of treasure.
 84409 | Depths:3 | Found a shimmering altar of Xom.
 84411 | Depths:3 | Found a shimmering altar of Xom.
 84414 | Depths:3 | Found a shimmering altar of Xom.
 84443 | Depths:3 | Found a shimmering altar of Xom.
 84462 | Depths:3 | Found a shimmering altar of Xom.
 84657 | Depths:3 | Found a shimmering blue altar of Sif Muna.
 84834 | Depths:3 | Found a shimmering altar of Xom.
 84834 | Depths:3 | Found a shimmering altar of Xom.
 85026 | Depths:3 | Noticed Grunn
 85034 | Depths:3 | Killed Grunn
 85163 | Depths:3 | Found a one-way gate to the infinite horrors of the Abyss.
 85648 | Depths:4 | Entered Level 4 of the Depths
 85656 | Depths:4 | Found a one-way gateway to a ziggurat.
 85657 | Depths:4 | Noticed a juggernaut
 85661 | Depths:4 | Killed a juggernaut
 85691 | Depths:4 | Reached XP level 24. HP: 154/170 MP: 16/46
 86279 | Depths:4 | Noticed a juggernaut
 86297 | Depths:4 | Killed a juggernaut
 86556 | Depths:4 | Found a gate to the Realm of Zot.
 87419 | Lair:4   | Killed MacCMillion's ghost
 87438 | Lair:4   | Identified the +10 battleaxe "Utiesax" {drain, rPois}
 87768 | Crypt:1  | Entered Level 1 of the Crypt
 87813 | Crypt:1  | Noticed Mennas
 87841 | Crypt:1  | Killed Mennas
 89470 | Crypt:2  | Noticed Margery
 89480 | Crypt:2  | Killed Margery
 89548 | Crypt:2  | Identified the +4 spear "Qakoiperr" {vorpal, rElec Str-4
                  | Dex+4}
 89801 | Crypt:2  | Reached XP level 25. HP: 166/175 MP: 29/46
 89981 | Crypt:2  | Identified the +9 shortbow "Avoptao" {vorpal, rPois Int+4}
 90261 | Crypt:2  | Identified the +1 scale mail "Pycuiqub" {Dex+2}
 90423 | Crypt:3  | Entered Level 3 of the Crypt
 91360 | Crypt:3  | Found a staircase to the Tomb.
 91361 | Crypt:3  | Noticed a royal mummy
 91383 | Crypt:3  | Killed a royal mummy
 91973 | Crypt:3  | Got the Commentary on Misery
 91982 | Crypt:3  | Learned a level 5 spell: Borgnjor's Vile Clutch
 92152 | Crypt:3  | Found an ancient bone altar of Kikubaaqudgha.
 92425 | Crypt:3  | Identified the +6 scale mail of the Valley of Death {-Cast
                  | Harm rF+++ rN+}
 92494 | Crypt:3  | Noticed a dread lich
 92512 | Crypt:3  | Killed a dread lich
 92569 | Crypt:3  | Identified the +0 scale mail of Lilacs {Contam rN+ Str-3
                  | Dex+7}
 93702 | Vaults:5 | Entered Level 5 of the Vaults
 93744 | Vaults:5 | Noticed a dread lich
 94044 | Vaults:4 | Killed a dread lich
 94370 | Vaults:5 | Reached XP level 26. HP: 178/183 MP: 31/47
 94584 | Vaults:5 | Identified the ring of Vatamimm {rCorr Str+6}
 94696 | Vaults:5 | Noticed Xtahua
 94702 | Vaults:5 | Killed Xtahua
 95161 | Vaults:5 | Found the +10 Black Knight's barding {ponderous, rPois rN+}
 95225 | Vaults:5 | Identified the +7 war axe of Responsibility {freeze, Drain
                  | rCorr Str+3}
 95420 | Vaults:5 | Got a silver rune of Zot
 95652 | Vaults:5 | Identified the +3 sling "Qiubb" {vorpal, Str-2 Int+6}
 95670 | Vaults:5 | Identified the +3 falchion "Down" {freeze, Fly rElec}
 95684 | Vaults:5 | Identified the ring "Uqur" {rC+ rN+ rCorr}
 95709 | Vaults:5 | Acquired 1316 gold pieces
 95899 | Vaults:5 | Identified the +3 halberd of Extermination {drain, rPois
                  | Str-2 Int+8}
 96137 | Vaults:5 | Identified the +7 rapier of Bodily Harmony {vorpal, rF+
                  | Int+3 Stlth+}
 96137 | Vaults:5 | Identified the ring of Zupyca {Ice Int+3}
 96650 | Orc:2    | Bought a ring of see invisible for 165 gold pieces
 96966 | Slime:1  | Entered Level 1 of the Pits of Slime
 97432 | Slime:5  | Entered Level 5 of the Pits of Slime
 97509 | Slime:5  | Noticed the Royal Jelly
 97903 | Slime:5  | Killed the Royal Jelly
 98469 | Slime:4  | Reached skill level 10 in Shields
 98473 | Slime:4  | Gained mutation: You occasionally lose the ability to drink
                  | potions when taking damage. [mutagenic glow]
 98590 | Slime:5  | Found the +3 woodcutter's axe {vorpal}
 98609 | Slime:5  | Identified the amulet of the Many Friars {Reflect Drain
                  | rElec rF+++ rC- SH+5}
 98664 | Slime:5  | Got the Vellum of the Pyromaniac and Charms
 98690 | Slime:5  | Identified the +7 battleaxe of Tartarus {chaos, Fly rElec
                  | Int+4 Dex+3}
 98693 | Slime:5  | Identified the +4 short sword "Murmur" {antimagic, rC+ rN+
                  | Will+}
 98695 | Slime:5  | Got a slimy rune of Zot
 99153 | Zot:1    | Entered Level 1 of the Realm of Zot
 99447 | Zot:1    | Reached XP level 27. HP: 174/192 MP: 5/48
100853 | Zot:2    | Identified the ring "Xerhoymu" {rElec rPois Str+4}
102017 | Zot:2    | Found the +4 dragonskin cloak
102017 | Zot:2    | Identified the ring "Keshrut" {rN+ Int+2 Dex+4}
102017 | Zot:2    | Noticed Tiamat
102104 | Zot:2    | Killed Tiamat
102401 | Zot:2    | Identified the +1 rapier of the Desert {freeze, *Slow rPois
                  | Str+4 SInv}
103005 | Zot:3    | Reached skill level 15 in Dodging
103277 | Zot:4    | Noticed an orb of fire
103474 | Zot:4    | Killed an orb of fire
104287 | Zot:5    | Entered Level 5 of the Realm of Zot
105473 | Zot:5    | Identified the +6 mace "Sip Kakha" {vorpal, Str+7 SInv}
106250 | Zot:5    | Noticed an orb of fire
106254 | Zot:5    | Killed an orb of fire
106266 | Zot:5    | Noticed a dread lich
106270 | Zot:5    | Killed a dread lich
106354 | Zot:5    | Noticed a dread lich
106359 | Zot:5    | Killed a dread lich
106468 | Zot:5    | Reached skill level 27 in Fighting
106836 | Zot:5    | Noticed a dread lich
106859 | Zot:5    | Killed a dread lich
106941 | Zot:5    | Noticed a dread lich
106942 | Zot:5    | Noticed a dread lich
106947 | Zot:5    | Killed a dread lich
106948 | Zot:5    | Noticed an orb of fire
106950 | Zot:5    | Killed a dread lich
106950 | Zot:5    | Gained mutation: You occasionally shout uncontrollably at
                  | your foes. [an orb of fire]
106956 | Zot:5    | Killed an orb of fire
107100 | Zot:5    | Noticed an ancient lich
107101 | Zot:5    | Noticed an ancient lich
107104 | Zot:5    | Killed an ancient lich
107106 | Zot:5    | Killed an ancient lich
107377 | Depths:4 | Lost mutation: You occasionally shout uncontrollably at
                  | your foes. [potion of mutation]
107377 | Depths:4 | Lost mutation: You occasionally lose the ability to drink
                  | potions when taking damage. [potion of mutation]
107377 | Depths:4 | Gained mutation: You are partially covered in iridescent
                  | scales. (AC +2) [potion of mutation]
107377 | Depths:4 | Gained mutation: Your natural rate of healing is unusually
                  | fast. [potion of mutation]
108860 | Hell     | Entered the Vestibule of Hell
108860 | Hell     | Noticed Geryon
108964 | Hell     | Killed Geryon
109144 | Hell     | Reached skill level 27 in Earth Magic
109181 | Hell     | Found a gateway to the decaying netherworld of Tartarus.
109418 | Hell     | Found a gateway to the ashen valley of Gehenna.
109718 | Hell     | Found a gateway to the Iron City of Dis.
109823 | Hell     | Found a gateway to the freezing wastes of Cocytus.
110038 | Depths:3 | You paid a toll of the horn of Geryon to enter a treasure
                  | trove
110039 | Trove    | Entered a treasure trove
110073 | Trove    | Got Sif Muna's Quarto of Allied Spellbinding
110095 | Trove    | Identified the ring of the Will of the Gods {Fly rPois}
110099 | Trove    | Identified the ring "Zuxychuh" {rF- Int+6 Dex+7 Stlth+}
110201 | Depths:3 | Learned a level 1 spell: Apportation
110212 | Depths:3 | Voluntarily entered the Abyss.
110303 | Abyss:1  | Reached skill level 1 in Fire Magic
110458 | Abyss:2  | Found a burning altar of Makhleb.
110533 | Abyss:2  | Noticed an ancient lich
110539 | Abyss:2  | Killed an ancient lich
110627 | Abyss:2  | Reached skill level 5 in Fire Magic
110911 | Abyss:3  | Found a corrupted altar of Lugonu.
111399 | Abyss:3  | Reached skill level 10 in Fire Magic
111491 | Abyss:3  | Found a corrupted altar of Lugonu.
111527 | Abyss:3  | Got an abyssal rune of Zot
111926 | Depths:3 | Escaped the Abyss
111939 | Depths:3 | Upgraded the game from 0.29.1-12-g30fa7ad0bf to
                  | 0.29.1-13-g9f3cf754e1
112506 | Elf:2    | Bought a potion of haste for 370 gold pieces
112506 | Elf:2    | Bought 3 scrolls of enchant armour for 832 gold pieces
112908 | Depths:1 | Bought a potion of brilliance for 148 gold pieces
112908 | Depths:1 | Bought a scroll of enchant armour for 277 gold pieces
113012 | Tar:1    | Entered Level 1 of Tartarus
113681 | Tar:4    | Reached skill level 15 in Fire Magic
113817 | Tar:5    | Noticed a dread lich
114004 | Tar:5    | Killed a dread lich
114134 | Tar:6    | Reached skill level 1 in Short Blades
114494 | Tar:7    | Entered Level 7 of Tartarus
114521 | Tar:7    | Learned a level 8 spell: Ignition
114629 | Tar:7    | Reached skill level 5 in Short Blades
115206 | Tar:7    | Noticed Ereshkigal
115691 | Tar:7    | Killed Ereshkigal
115692 | Tar:7    | Reached skill level 10 in Short Blades
115838 | Tar:7    | Identified the +1 plate armour of Zaomuduf {rF+ Slay+5}
115840 | Tar:7    | Got the Parchment of Meteoric Fire
115846 | Tar:7    | Got a bone rune of Zot
116084 | Tar:7    | Identified the +1 short sword of Gloom {flame, Fragile
                  | Dex+8}
117710 | Dis:1    | Entered Level 1 of the Iron City of Dis
117835 | Dis:3    | You are sucked into a shaft and drop 2 floors!
117904 | Dis:5    | Noticed a dread lich
117922 | Dis:7    | Entered Level 7 of the Iron City of Dis
118919 | Dis:7    | Noticed a juggernaut
118924 | Dis:7    | Killed a juggernaut
118977 | Dis:7    | Found the amulet of the Air {Inacc Air Fly rElec RMsl}
119010 | Dis:7    | Identified the +3 whip "Gapsegew" {vamp, Int+3}
119785 | Dis:7    | Noticed an ancient lich
119794 | Dis:7    | Killed an ancient lich
121056 | Dis:7    | Noticed a juggernaut
121082 | Dis:7    | Killed a juggernaut
121217 | Dis:7    | Found the +4 staff of Dispater
121217 | Dis:7    | Noticed Dispater
121232 | Dis:7    | Killed Dispater
121298 | Dis:7    | Got an iron rune of Zot
121560 | Coc:1    | Entered Level 1 of Cocytus
121622 | Coc:1    | Noticed a dread lich
121630 | Coc:1    | Killed a dread lich
121845 | Coc:3    | Paralysed by a wendigo for 1 turns
121867 | Hell     | Gained mutation: You are weak. (Str -2) [mutagenic glow]
122750 | Tomb:1   | Entered Level 1 of the Tomb of the Ancients
123590 | Coc:5    | Paralysed by a wendigo for 1 turns
123724 | Coc:6    | Paralysed by a wendigo for 1 turns
123852 | Coc:7    | Entered Level 7 of Cocytus
124404 | Coc:7    | Learned a level 9 spell: Fire Storm
125014 | Coc:7    | Noticed Antaeus
125028 | Coc:7    | Killed Antaeus
125241 | Coc:7    | Got an icy rune of Zot
125250 | Coc:7    | Identified the +8 shortbow "Ycwy" {venom, rN+ Str+3}
125598 | Pan      | Entered Pandemonium
125609 | Pan      | Reached skill level 1 in Ice Magic
126124 | Pan      | Found an exit through the horrors of the Abyss.
126574 | Pan      | Reached skill level 5 in Ice Magic
126672 | Pan      | Noticed Zogim the pandemonium lord
126676 | Pan      | Killed Zogim the pandemonium lord
126831 | Pan      | Got a demonic rune of Zot
126869 | Pan      | Identified the +9 eveningstar of Wounding {venom, rF+ rC-
                  | Str+4 Dex+3}
127024 | Pan      | Identified the +2 pair of gloves "Gun Rirr" {Will+}
127162 | Pan      | Noticed Zotitt the pandemonium lord
127170 | Pan      | Killed Zotitt the pandemonium lord
127413 | Pan      | Identified the +0 leather armour "Viseidd" {Slay+2 SInv
                  | Stlth-}
127453 | Pan      | Found an exit through the horrors of the Abyss.
128073 | Pan      | Entered the realm of Mnoleg.
128111 | Pan      | Gained mutation: You occasionally lose the ability to read
                  | scrolls when taking damage. [a cacodemon]
128454 | Pan      | Noticed Mnoleg
128474 | Pan      | Killed Mnoleg
128651 | Pan      | Got a glowing rune of Zot
128704 | Pan      | Reached skill level 10 in Ice Magic
128959 | Pan      | Noticed Neda the pandemonium lord
128963 | Pan      | Killed Neda the pandemonium lord
129166 | Pan      | Found an exit through the horrors of the Abyss.
129174 | Pan      | Identified the +6 great mace of Understanding {vamp, Drain
                  | rPois rN+++}
129310 | Pan      | Found a transporter.
129505 | Pan      | Learned a level 7 spell: Ozocubu's Refrigeration
129829 | Pan      | Found an exit through the horrors of the Abyss.
129842 | Pan      | Identified the +8 mace "Edgham" {vorpal, rElec rF+ rCorr
                  | Int+4}
130229 | Pan      | Found a transporter.
130445 | Pan      | Identified the amulet "Voukop" {RegenMP rN+ Will+}
130473 | Pan      | Reached skill level 27 in Spellcasting
130476 | Pan      | Learned a level 1 spell: Apportation
130488 | Pan      | Identified the +0 helmet "Ymung" {Rampage}
130494 | Pan      | Identified the +3 trident of Res Nullius {flame, Will++
                  | Int+2 Dex-5}
130537 | Pan      | Entered the realm of Gloorx Vloq.
130717 | Pan      | Reached skill level 5 in Stealth
131299 | Pan      | Identified the +1 chain mail of Hairiness {rCorr}
131714 | Pan      | Reached skill level 10 in Armour
131921 | Pan      | Reached skill level 10 in Stealth
131992 | Pan      | Noticed Gloorx Vloq
131997 | Pan      | Killed Gloorx Vloq
132091 | Pan      | Got a dark rune of Zot
132133 | Pan      | Lost mutation: You occasionally lose the ability to read
                  | scrolls when taking damage. [potion of mutation]
132133 | Pan      | Lost mutation: You are partially covered in iridescent
                  | scales. (AC +2) [potion of mutation]
132133 | Pan      | Lost mutation: You are weak. (Str -2) [potion of mutation]
132133 | Pan      | Gained mutation: You are agile. (Dex +4, Str/Int -1)
                  | [potion of mutation]
132133 | Pan      | Gained mutation: Your muscles are strong. (Str +4, Int/Dex
                  | -1) [potion of mutation]
132311 | Pan      | Noticed Hadghantej the pandemonium lord
132315 | Pan      | Killed Hadghantej the pandemonium lord
132413 | Pan      | Entered the realm of Cerebov.
132413 | Pan      | Found the +6 sword of Cerebov {flame}
132413 | Pan      | Noticed Cerebov
132430 | Pan      | Identified the +4 ring mail of Summertime {Int+4}
132898 | Pan      | Found an exit through the horrors of the Abyss.
133243 | Pan      | Killed Cerebov
133327 | Pan      | Identified the +1 arbalest of Superiority {freeze, rPois
                  | Will- Str+8 Int-2}
133383 | Pan      | Identified the ring "Buojeoz" {Fire rElec}
133387 | Pan      | Identified the ring "Ikhinwel" {Will++ Str+3 Dex+6}
133443 | Pan      | Identified the +6 dagger "Sunwyusa" {vorpal, rC+}
133484 | Pan      | Identified the +6 short sword "Ragyustreale" {drain, Fly
                  | rPois}
133554 | Pan      | Got a fiery rune of Zot
133650 | Pan      | Entered the realm of Lom Lobon.
133741 | Pan      | Noticed Lom Lobon
133768 | Pan      | Killed Lom Lobon
133879 | Pan      | Got a magical rune of Zot
135399 | Pan      | Found an exit through the horrors of the Abyss.
135439 | Pan      | Took an exit into the Abyss.
135439 | Abyss:3  | Escaped into the Abyss
135514 | Depths:4 | Escaped the Abyss
135677 | Geh:1    | Entered Level 1 of Gehenna
136134 | Geh:4    | You are sucked into a shaft and drop 2 floors!
136247 | Geh:7    | Entered Level 7 of Gehenna
136334 | Geh:7    | Noticed the Serpent of Hell
136339 | Geh:7    | Killed the Serpent of Hell
137749 | Geh:7    | Found the +7 sceptre of Asmodeus
137749 | Geh:7    | Noticed Asmodeus
137776 | Geh:7    | Killed Asmodeus
137852 | Geh:7    | Got an obsidian rune of Zot
138584 | Tomb:1   | Noticed a royal mummy
138589 | Tomb:1   | Killed a royal mummy
138589 | Tomb:1   | Noticed a royal mummy
138598 | Tomb:1   | Killed a royal mummy
138696 | Tomb:1   | Reached skill level 10 in Evocations
139290 | Tomb:1   | Noticed a royal mummy
139290 | Tomb:1   | Noticed a royal mummy
139290 | Tomb:1   | Noticed a royal mummy
139297 | Tomb:1   | Killed a royal mummy
139309 | Tomb:1   | Killed a royal mummy
139317 | Tomb:1   | Noticed a royal mummy
139317 | Tomb:1   | Noticed a royal mummy
139320 | Tomb:1   | Killed a royal mummy
139322 | Tomb:1   | Killed a royal mummy
139342 | Tomb:1   | Killed a royal mummy
139464 | Tomb:1   | Noticed a royal mummy
139471 | Tomb:1   | Killed a royal mummy
139525 | Tomb:1   | Noticed a royal mummy
139529 | Tomb:1   | Killed a royal mummy
139640 | Tomb:1   | Noticed a royal mummy
139647 | Tomb:1   | Killed a royal mummy
139719 | Tomb:1   | Noticed a royal mummy
139730 | Tomb:1   | Killed a royal mummy
139792 | Tomb:1   | Noticed a royal mummy
139796 | Tomb:1   | Noticed a royal mummy
139799 | Tomb:1   | Killed a royal mummy
139802 | Tomb:1   | Killed a royal mummy
140325 | Tomb:3   | Entered Level 3 of the Tomb of the Ancients
140358 | Tomb:3   | Noticed a dread lich
140362 | Tomb:3   | Killed a dread lich
140367 | Tomb:3   | Noticed a royal mummy
140368 | Tomb:3   | Killed a royal mummy
140376 | Tomb:3   | Noticed a royal mummy
140376 | Tomb:3   | Noticed a royal mummy
140377 | Tomb:3   | Reached skill level 15 in Evocations
140379 | Tomb:3   | Noticed a royal mummy
140383 | Tomb:3   | Killed a royal mummy
140385 | Tomb:3   | Noticed a royal mummy
140387 | Tomb:3   | Killed a royal mummy
140389 | Tomb:3   | Killed a royal mummy
140390 | Tomb:3   | Noticed a royal mummy
140391 | Tomb:3   | Killed a royal mummy
140391 | Tomb:3   | Killed Boris
140391 | Tomb:3   | Killed a royal mummy
140391 | Tomb:3   | Noticed a royal mummy
140392 | Tomb:3   | Killed a royal mummy
140393 | Tomb:3   | Noticed a royal mummy
140393 | Tomb:3   | Noticed a royal mummy
140549 | Tomb:3   | Killed a royal mummy
140550 | Tomb:3   | Killed a royal mummy
140789 | Tomb:3   | Identified the +0 falchion of Dulos {antimagic, Int+4}
140803 | Tomb:3   | Identified the ring of Kojuuh Otwed {*Slow rF+ rN+ Str+6
                  | Slay+3}
140829 | Tomb:3   | Identified the amulet of the Hero {Regen+ Int+3}
140835 | Tomb:3   | Identified the +10 war axe of the Chain {freeze, rCorr
                  | Dex+2 Stlth+}
140868 | Tomb:3   | Found the +3 Elemental Staff {rElec rF++ rC++ AC+5}
141087 | Tomb:3   | Got a golden rune of Zot
141223 | Tomb:1   | Noticed a royal mummy
141231 | Tomb:1   | Killed a royal mummy
141232 | Tomb:1   | Reached skill level 1 in Staves
143450 | Zig:1    | Entered Level 1 of a ziggurat
143485 | Zig:2    | Entered Level 2 of a ziggurat
143518 | Zig:3    | Entered Level 3 of a ziggurat
143525 | Zig:3    | Identified the +5 dagger of Wyrd {vorpal, Fly}
143529 | Zig:4    | Entered Level 4 of a ziggurat
143535 | Zig:4    | Noticed Vagiral the pandemonium lord
143542 | Zig:4    | Killed Vagiral the pandemonium lord
143577 | Zig:4    | Identified the ring of Vamejy {rC+ rN+ rCorr EV+4}
143589 | Zig:5    | Entered Level 5 of a ziggurat
143619 | Zig:6    | Entered Level 6 of a ziggurat
143678 | Zig:7    | Entered Level 7 of a ziggurat
143717 | Zig:7    | Identified the +9 mace "Ymmauk" {vorpal, rF- rN+ Str-2
                  | Dex+8}
143727 | Zig:8    | Entered Level 8 of a ziggurat
143735 | Zig:8    | Noticed an ancient lich
143735 | Zig:8    | Found the +6 arbalest "Damnation" {damnation}
143737 | Zig:8    | Killed an ancient lich
143802 | Zig:9    | Entered Level 9 of a ziggurat
143829 | Zig:9    | Identified the +0 scale mail "Lugoshuse" {rElec Int+4 SInv}
143837 | Zig:9    | Identified the +3 dire flail of Inflation {drain, rElec
                  | rPois}
143856 | Zig:9    | Acquired the +2 tower shield of Baldness {Str+2 Slay+5}
143857 | Zig:9    | Acquired 871 gold pieces
143871 | Zig:10   | Entered Level 10 of a ziggurat
143914 | Zig:10   | Identified the +1 chain mail "Sisaon" {Stlth+}
143955 | Zig:11   | Entered Level 11 of a ziggurat
143969 | Zig:11   | Noticed Rammin the pandemonium lord
143974 | Zig:11   | Killed Rammin the pandemonium lord
144009 | Zig:11   | Identified the ring of Awolione {rC+ rN+ Will++ SInv}
144067 | Zig:12   | Entered Level 12 of a ziggurat
144089 | Zig:12   | Identified the ring of Fatzial {Wiz Slay+3}
144138 | Zig:13   | Entered Level 13 of a ziggurat
144152 | Zig:13   | Noticed a dread lich
144154 | Zig:13   | Killed a dread lich
144156 | Zig:13   | Reached skill level 27 in Fire Magic
144157 | Zig:13   | Reached skill level 5 in Staves
144163 | Zig:13   | Found the +2 Maxwell's thermic engine {flame, freeze}
144194 | Zig:13   | Identified the ring "Hothobboc" {rF+ rN+ Will++}
144250 | Zig:14   | Entered Level 14 of a ziggurat
144429 | Zig:14   | Found the +8 demon blade "Leech" {vamp, Harm Drain rN+}
144433 | Zig:14   | Identified the +4 arbalest "Nyazaa" {flame, rCorr}
144449 | Zig:14   | Identified the +9 whip "Wentehi" {vorpal, rElec rF+ Will+}
144499 | Zig:15   | Entered Level 15 of a ziggurat
144536 | Zig:15   | Reached skill level 10 in Staves
144571 | Zig:15   | Identified the +8 sling of Stickiness {freeze, rElec rPois
                  | rN+ Int-2}
144572 | Zig:15   | Identified the +8 sling of the Onslaught {speed, Fly rElec
                  | rC-}
144584 | Zig:15   | Identified the +2 sling "Xosushrymp" {venom, rPois rF+}
144640 | Zig:16   | Entered Level 16 of a ziggurat
144643 | Zig:16   | Paralysed by a floating eye for 4 turns
144679 | Zig:16   | Noticed Xephere the pandemonium lord
144684 | Zig:16   | Killed Xephere the pandemonium lord
144841 | Zig:16   | Found the +7 great mace "Undeadhunter" {disrupt, rN+}
144853 | Zig:16   | Identified the +9 battleaxe "ETAOIN SHRDLU" {chaos, Fly
                  | rPois rF++ Int-5}
144866 | Zig:16   | Identified the ring "Kanak" {rElec rCorr Dex+5 Slay+5 SInv}
144932 | Zig:17   | Entered Level 17 of a ziggurat
144942 | Zig:17   | Noticed a juggernaut
144943 | Zig:17   | Noticed a juggernaut
144949 | Zig:17   | Killed a juggernaut
144950 | Zig:17   | Killed a juggernaut
144954 | Zig:17   | Noticed a juggernaut
144954 | Zig:17   | Noticed a juggernaut
144956 | Zig:17   | Killed a juggernaut
144956 | Zig:17   | Killed a juggernaut
144958 | Zig:17   | Noticed a juggernaut
144964 | Zig:17   | Killed a juggernaut
145076 | Zig:17   | Identified the +2 shortbow "Peti" {flame, rF- Will++ Int+4}
145077 | Zig:17   | Identified the +5 long sword of the Slimy God {protect,
                  | Int+4}
145099 | Zig:17   | Identified the +1 chain mail "Uxouph" {rF+ rC+ SInv}
145127 | Zig:18   | Entered Level 18 of a ziggurat
145172 | Zig:18   | Identified the +0 arbalest of Karma {speed, rCorr Int+3
                  | Dex+4 Stlth-}
145176 | Zig:18   | Identified the +9 quarterstaff of Qumorik {flame, Str+3}
145179 | Zig:18   | Identified the +6 dagger "Doebuham" {flame, Int+7 Dex-3}
145182 | Zig:18   | Got the Guidebook on Hazy Interference
145257 | Zig:19   | Entered Level 19 of a ziggurat
145289 | Zig:19   | Noticed a juggernaut
145295 | Zig:19   | Killed a juggernaut
145304 | Zig:19   | Noticed a juggernaut
145305 | Zig:19   | Killed a juggernaut
145307 | Zig:19   | Noticed a juggernaut
145309 | Zig:19   | Killed a juggernaut
145381 | Zig:19   | Identified the +9 halberd "Legubi Zuda" {vorpal, Int+3
                  | Dex+3}
145387 | Zig:19   | Identified the +4 great sword "Surox" {elec, rF++ Stlth+}
145389 | Zig:19   | Identified the +11 flail "Ziobloug" {freeze, rElec Will+
                  | Dex-3}
145399 | Zig:19   | Identified the amulet of Generosity {Harm Rampage Fragile
                  | Regen+ SInv}
145464 | Zig:20   | Entered Level 20 of a ziggurat
145505 | Zig:20   | Noticed a juggernaut
145509 | Zig:20   | Killed a juggernaut
145527 | Zig:20   | Reached skill level 27 in Conjurations
145529 | Zig:20   | Noticed a juggernaut
145531 | Zig:20   | Killed a juggernaut
145533 | Zig:20   | Noticed a juggernaut
145536 | Zig:20   | Killed a juggernaut
145692 | Zig:21   | Entered Level 21 of a ziggurat
145704 | Zig:21   | Noticed an ancient lich
145716 | Zig:21   | Noticed an ancient lich
145718 | Zig:21   | Killed an ancient lich
145719 | Zig:21   | Reached skill level 1 in Ranged Weapons
145735 | Zig:21   | Killed an ancient lich
145740 | Zig:21   | Noticed a dread lich
145746 | Zig:21   | Killed a dread lich
145829 | Zig:21   | Noticed a dread lich
145833 | Zig:21   | Killed a dread lich
145834 | Zig:21   | Reached skill level 5 in Ranged Weapons
145891 | Zig:21   | Identified the +5 flail of Fury {vamp, Str+3}
145894 | Zig:21   | Identified the +0 plate armour of the Nine Spirits {rPois}
145914 | Zig:21   | Identified the +1 ring mail "Wiaf" {Str+4}
145990 | Zig:22   | Entered Level 22 of a ziggurat
146069 | Zig:22   | Noticed Vocak the pandemonium lord
146073 | Zig:22   | Killed Vocak the pandemonium lord
146316 | Zig:22   | Identified the +1 robe "Iquothon" {rF+ SInv}
146411 | Zig:23   | Entered Level 23 of a ziggurat
146563 | Zig:23   | Found the +7 Singing Sword {vorpal, sonic wave}
146565 | Zig:23   | Identified the +6 long sword "Raisin" {speed, *Corrode rC+
                  | Str+2}
146594 | Zig:23   | Identified the +9 falchion "Osekkuir" {drain, +Blink rF+
                  | rC+}
146663 | Zig:24   | Entered Level 24 of a ziggurat
146815 | Zig:24   | Reached skill level 10 in Ranged Weapons
147130 | Zig:24   | Identified the ring of Winter {rPois rF- Will+ Int+4 SInv}
147145 | Zig:24   | Identified the +0 ring mail of Watoff {rElec rF+}
147146 | Zig:24   | Identified the +4 shortbow "Emoph" {venom, Str+3}
147147 | Zig:24   | Identified the +2 bardiche "Hell" {vorpal, rElec Dex+4
                  | Stlth+}
147149 | Zig:24   | Identified the ring "Quryok" {Fire +Blink rElec rCorr
                  | Dex-2}
147152 | Zig:24   | Identified the +6 flail of Corporal Punishment {flame, Fly
                  | rCorr Dex+6 SInv}
147164 | Zig:24   | Identified the +3 falchion of Starshine {freeze, Dex+2}
147165 | Zig:24   | Identified the +7 mace "Xuoleunu" {vorpal, rF+ rCorr Str+4
                  | Int-5 Stlth-}
147174 | Zig:24   | Identified the +6 short sword of Gimeipn {vamp, rPois rN+
                  | Int-2 Stlth+}
147232 | Zig:25   | Entered Level 25 of a ziggurat
147333 | Zig:25   | Identified the +8 flail "Miutzapa" {freeze, Int+4}
147339 | Zig:25   | Identified the +9 bardiche "Spiderbane" {protect, +Blink
                  | rF- Int+7}
147350 | Zig:25   | Identified the +1 sling of Experimentation {flame, rF+++
                  | rC+ Str-2 Dex+3}
147351 | Zig:25   | Identified the +1 plate armour of the Evil One {Int+3}
147352 | Zig:25   | Identified the +1 pair of boots of Puock {rPois rC+ Will-
                  | Slay+4}
147445 | Zig:26   | Entered Level 26 of a ziggurat
147476 | Zig:26   | Reached skill level 1 in Throwing
147489 | Zig:26   | Noticed an ancient lich
147489 | Zig:26   | Noticed an ancient lich
147492 | Zig:26   | Killed an ancient lich
147492 | Zig:26   | Killed an ancient lich
147492 | Zig:26   | Noticed a dread lich
147493 | Zig:26   | Killed a dread lich
147495 | Zig:26   | Noticed a dread lich
147509 | Zig:26   | Noticed a dread lich
147510 | Zig:26   | Killed a dread lich
147513 | Zig:26   | Killed a dread lich
147514 | Zig:26   | Noticed an ancient lich
147516 | Zig:26   | Killed an ancient lich
147516 | Zig:26   | Noticed an ancient lich
147518 | Zig:26   | Killed an ancient lich
147528 | Zig:26   | Reached skill level 10 in Throwing
147529 | Zig:26   | Noticed a dread lich
147531 | Zig:26   | Killed a dread lich
147609 | Zig:26   | Identified the ring "Fupel" {Wiz Int+3 Dex+4 Stlth-}
147633 | Zig:26   | Identified the ring of Zuroob {Contam rF+ rC++ Will+ Str-2}
147727 | Zig:27   | Entered Level 27 of a ziggurat
148031 | Zig:27   | Identified the ring "Yrupn" {rF+ rC+ rN+ Str+4}
148040 | Zig:27   | Identified the ring of Fedhas's Condemnation {Ice Dex+5}
148056 | Zig:27   | Acquired the +6 Majin-Bo {vamp, MP+6 Int+6}
148056 | Zig:27   | Found the +6 Majin-Bo {vamp, MP+6 Int+6}
148077 | Zig:27   | Identified the +6 sling of Agesmount {venom, rF+ Int+3}
148464 | Zot:5    | Got the Orb of Zot
148466 | Zot:5    | Noticed Qoroah the pandemonium lord
148517 | Zot:5    | Noticed Iclum the pandemonium lord
148535 | Zot:5    | Killed Iclum the pandemonium lord
148838 | D:12     | Noticed Ewatuf the pandemonium lord
148840 | D:12     | Killed Ewatuf the pandemonium lord
149163 | D:$      | Escaped with the Orb!

Illustrated notes

Levels and vault maps discovered:
D:1:      amcnicky_arrival_blooded_trapdoor, layout_basic,
          basic_ecumenical_altar
D:2:      layout_basic, basic_altar
D:3:      layout_loops_corners, mainiacjoe_overflow_boulevard,
          nicolae_qazlal_scattered_showers, mainiacjoe_overflow_divided_tiny,
          serial_shops, shop, nicolae_lakefront_shop, nicolae_lakefront_shop
D:4:      layout_rooms, minmay_temple_entry_statues_fountains, serial_shops,
          shop_fountains, uniq_blork_the_orc
D:5:      layout_loops_ring, serial_demonic, serial_demonic_b, serial_demonic_f,
          serial_demonic_a, serial_demonic_d, dreamdust_princess_bridge
D:6:      layout_rooms, mainiacjoe_overflow_concentric_impassable
D:7:      layout_cave_pools, lemuel_coloured_pillars_altar,
          small_statue_intersection, nicolae_shop_overcharged_wands
D:8:      layout_cave_pods, nicolae_uskayaw_dance_hall, cheibriados_altar_1,
          serial_shops, shop, uniq_joseph
D:9:      layout_roguey, mainiacjoe_overflow_tiny_flanked,
          mainiacjoe_overflow_paths, minmay_orc_entry_temple_small,
          eino_tiny_chamber, uniq_pikel, uniq_maurice
D:10:     layout_basic, nicolae_wu_jian_immortal_techniques, uniq_harold,
          uniq_josephine
D:11:     layout_roguey [special_room_bee], minmay_lair_entry_grove
D:12:     layout_cave_pods, tgw_fedhas
D:13:     layout_loops_cross, minmay_holes, uniq_sonja
D:14:     layout_loops_corners, lightli_vaults_fourway_checkpoint,
          chequers_serial_rivers_micro_a
D:15:     grunt_enter_depths_snipers, layout_irregular_city,
          gauntlet_entry_generic, nicolae_benzene_ring
Temple:   nicolae_temple_ecumenical_triangle
Lair:1:   beast_lair_carwin_large_2, layout_long_grid, grunt_megastairs_1
Lair:2:   layout_gridlike, shoals_dummy_entry, minmay_snake_entry_spellcaster,
          roderic_batcave
Lair:3:   dreamdust_cave_troll, layout_gridlike, grunt_forest_stairs_basic
Lair:4:   layout_layer_cave, nzn_ghost_randoct, st_stairs_5,
          nicolae_quartered_pool_little, hibernation_bobbens,
          lemuel_fruit_fields, uniq_snorg, uniq_kirke
Lair:5:   hangedman_lair_in_review, layout_cave_pods, dpeg_slime_entry_enclosed,
          guppyfry_lair_drakes, grunt_megastairs_5, infiniplex_staircase_pool_2,
          serial_bayou_shore_a
Shoals:1: layout_shoals
Shoals:2: dreamdust_from_the_deep, layout_shoals, nicolae_shoals_kraken_party,
          uniq_polyphemus
Shoals:3: layout_shoals, nicolae_shoals_water_elemental_grotto
Shoals:4: shoals_end_simple, layout_shoals, nzn_prometheus_bound
Snake:1:  layout_onion_interference, grunt_megastairs_2, minmay_shop_grove
Snake:2:  layout_misc_corridors, nicolae_snake_gridmaze_spiral,
          nicolae_wooded_promenade, st_stairs_2, lemuel_fruit_tree,
          serial_bayou_shore_b, uniq_asterion, uniq_vashnia
Snake:3:  layout_onion, uniq_agnes, uniq_donald
Snake:4:  johnstein_snake_rune_scales, layout_onion_interference, serial_shops,
          nicolae_shop_advertising_works [nicolae_subvault_shop_adworks],
          portal_ice_cave_entry_frozen_things, serial_bayou_lake_a,
          uniq_bai_suzhen
Slime:1:  layout_caves
Slime:2:  layout_caves
Slime:3:  layout_caves
Slime:4:  layout_caves, nicolae_slime_phagocytosis
Slime:5
Orc:1:    layout_diamond_mine, basic_altar, lightli_volcano_entry_magma_tube
Orc:2:    st_orc_congregation, layout_diamond_mine
Elf:1:    eino_elf_arrival_the_gate, layout_geoelf_octagon, serial_shops, shop,
          hangedman_elf_disciples
Elf:2:    elven_hall_of_blades_hangedman_original [mumra_blade_entry_dagger],
          layout_gridlike, serial_shops, nicolae_diamond_shop
Elf:3:    minmay_elf_hall, layout_geoelf_castle, hangedman_summoners_spam
Vaults:1: grunt_vaults_funneled_arena, v_pattern_1, v_misc_1,
          ontoclasm_vaults_spin, v_misc_13, nicolae_vaults_little_squares_5,
          vaults_mumra_chevron_long, vaults_room_large_hall,
          ontoclasm_vaults_ligature, vaults_room_fours, v_misc_15,
          ontoclasm_vaults_decontamination, vaults_dpeg_ring,
          grunt_vaults_hallway_short, layout_vaults_omnicross, serial_shops,
          bzr_entry_safe
Vaults:2: nicolae_vaults_little_squares_4, v_rooms_1, grunt_vaults_funnel,
          nicolae_vaults_angled_halls, nicolae_vaults_network_quincunx
          [nicolae_vaults_network_quincunx_subvault,
          nicolae_vaults_network_quincunx_subvault,
          nicolae_vaults_network_quincunx_subvault,
          nicolae_vaults_network_quincunx_subvault,
          nicolae_vaults_network_quincunx_subvault], v_misc_18,
          nicolae_vaults_shelves_hall, vaults_mumra_lcd,
          nicolae_vaults_border_crossing, layout_vaults_omnigrid, serial_shops,
          shop, serial_hangedman_research, hangedman_research_metamorphosis,
          hangedman_research_electronics, hangedman_research_convocations,
          uniq_sojobo
Vaults:3: nicolae_vaults_little_squares_4, nicolae_vaults_network_square,
          vaults_dpeg_spiral, v_pattern_5, hangedman_vaults_pinch,
          v_alt_pattern_2, vaults_room_large_hall, v_rooms_3,
          ontoclasm_vaults_ring_square, nicolae_vaults_circle_grid_b,
          layout_vaults_omnibox, serial_shops, shop, uniq_boris, uniq_aizul,
          uniq_zenata
Vaults:4: ontoclasm_vaults_shuriken, ontoclasm_vaults_eye,
          nicolae_vaults_quadrants, vaults_mumra_hexcomb,
          vaults_room_grunt_arrival_ludios, vaults_room_fours,
          nicolae_vaults_network_s, dpeg_vaults_monster_box, vaults_room_pools,
          layout_vaults_chaotic_city
Vaults:5: serial_shops, uniq_xtahua
Crypt:1:  layout_rooms, grunt_crypt_arrival_webbed, uniq_mennas
Crypt:2:  layout_misc_corridors, grunt_megastairs_3, uniq_margery
Crypt:3:  evilmike_haunted_forest
Tomb:1
Tomb:2
Tomb:3
Depths:1: layout_cave_shapes, hell_entry, serial_shops, kennysheep_mini,
          minmay_misc_feat_chi, serial_sigils, serial_sigils_hangedman_snap,
          serial_sigils_hangedman_scratch, serial_sigils_hangedman_quiver,
          serial_sigils_hangedman_stare, serial_sigils_hangedman_carve,
          serial_sigils_hangedman_confine, lemuel_zombie_altar_yredelemnul,
          serial_bayou_shore_b, serial_bayou_shore_b
Depths:2: angbandy_vault, layout_twisted_cross, grunt_pan_entry_spiral,
          corexii_corridor_pit, grunt_hell_entry_dis_grunt,
          hellmonk_ghost_happy_afterlife, st_stairs_10,
          infiniplex_staircase_door_maze
Depths:3: minmay_crystal_thing, layout_cave_shapes, nicolae_xom_altar_mimics,
          marbit_kobold_abyss_entry, enter_trove_2, pf_hell_entry_tar_river,
          grunt_pan_entry_sceptre, solitary_fountain, kennysheep_minor_cross,
          uniq_grunn
Depths:4: grunt_zot_entry_funnels, layout_cave_pools, enter_ziggurat_e,
          rand_demon_pan_entry_8, hangedman_decor_opposing, abyss_entry,
          hell_entry, nrook_pool_corridor, minmay_crystal_water
Hell
Dis:1:    layout_gridville
Dis:2:    layout_subdivisions
Dis:3:    layout_gridville
Dis:5:    layout_jigsaw
Dis:6:    layout_gridville
Dis:7:    dis_st
Geh:1:    nicolae_hells_demon_pit, layout_gehenna_lava_caves
Geh:2:    layout_gehenna_pools_box
Geh:3:    layout_gehenna_pools_box, nicolae_geh_lava_in_the_way
Geh:4:    layout_gehenna_lava_caves
Geh:6:    layout_gehenna_lava_caves
Geh:7:    geh_hangedman
Coc:1:    layout_cocytus_delve
Coc:2:    layout_cocytus_water_paths
Coc:3:    layout_ice_bergs
Coc:4:    layout_cocytus_delve
Coc:5:    layout_cocytus_delve
Coc:6:    layout_ice_bergs
Coc:7:    coc_old
Tar:1:    layout_cathedral_of_symmetry
Tar:2:    layout_grid_maze, nicolae_tar_cuneiform_heaven
Tar:3:    layout_grid_maze
Tar:4:    layout_honeycomb, evilmike_ambush [evilmike_ambush_outer_basic,
          evilmike_ambush_inner_pond]
Tar:5:    layout_honeycomb, nicolae_tar_grid_combs
Tar:6:    layout_grid_maze
Tar:7:    tar_minmay_river
Zot:1:    layout_misc_corridors, grunt_ministairs_7
Zot:2:    lemuel_draconian_sentries_small, layout_onion,
          st_grand_hoard_of_tiamat
Zot:3:    layout_onion_interference, st_single_dragon_hoard_3
Zot:4:    layout_onion_interference
Zot:5:    layout_gridlike

Skill      XL: |  1  2  3  4  5  6  7  8  9 10 11 12 13 14 15 16 17 18 19 20 21 22 23 24 25 26 27 |
---------------+----------------------------------------------------------------------------------+-----
Earth Magic    | 4 5 6 8 9 11 13 15 17 19 23 25 27 | 27.0
Conjurations   | 4 7 8 10 11 13 15 27 | 27.0
Fighting       | 6 7 10 12 15 16 19 22 24 27 | 27.0
Poison Magic   | 7 |  7.0
Dodging        | 5 7 10 12 13 26 | 26.4
Armour         | 4 5 7 10 | 10.0
Spellcasting   | 8 11 12 15 17 19 20 21 27 | 27.0
Air Magic      | 3 4 |  4.9
Translocations | 3 |  3.0
Shields        | 5 10 13 | 13.8
Transmutations | 4 5 7 |  7.0
Hexes          | 4 |  4.0
Evocations     | 1 7 17 | 17.5
Summonings     | 8 11 | 11.0
Fire Magic     | 27 | 27.0
Short Blades   | 14 | 14.0
Ice Magic      | 13 | 13.9
Stealth        | 13 | 13.2
Staves         | 12 | 12.0
Ranged Weapons | 12 | 12.6
Throwing       | 13 | 13.3

Action                   |  1- 3 |  4- 6 |  7- 9 | 10-12 | 13-15 | 16-18 | 19-21 | 22-24 | 25-27 || total
-------------------------+-------+-------+-------+-------+-------+-------+-------+-------+-------++-------
Melee: Spear             |       |    52 |    92 |   362 |   192 |    10 |       |       |       ||   708
       Punch             |       |       |     2 |     5 |       |       |       |       |       ||     7
       Katana            |       |       |       |       |       |    30 |   117 |    46 |       ||   193
       Rapier            |       |       |       |       |       |       |       |    37 |  1156 ||  1193
       Staff             |       |       |       |       |       |       |       |       |   112 ||   112
Throw: Stone             |     6 |     4 |    47 |     6 |       |       |       |       |       ||    63
       Dart              |       |       |    19 |       |     1 |       |       |       |     7 ||    27
 Cast: Sandblast         |    46 |    58 |    46 |     1 |     1 |       |       |       |       ||   152
       Stone Arrow       |       |       |    96 |   231 |   132 |       |       |       |       ||   459
       Poisonous Vapours |       |       |    16 |   211 |   176 |       |       |       |       ||   403
       Mephitic Cloud    |       |       |       |     7 |     3 |     4 |     5 |       |       ||    19
       Airstrike         |       |       |       |       |   329 |   204 |   300 |       |       ||   833
       Iron Shot         |       |       |       |       |   177 |   266 |   542 |   379 |  1513 ||  2877
       Blink             |       |       |       |       |     6 |     2 |       |     3 |     1 ||    12
       Lee's Rapid Decon |       |       |       |       |    66 |   216 |   161 |   159 |   294 ||   896
       Yara's Violent Un |       |       |       |       |       |    40 |    43 |    21 |   103 ||   207
       Fireball          |       |       |       |       |       |       |    17 |     2 |    16 ||    35
       Orb of Destructio |       |       |       |       |       |       |    17 |    50 |   349 ||   416
       Irradiate         |       |       |       |       |       |       |     1 |     2 |    14 ||    17
       Spellforged Servi |       |       |       |       |       |       |    21 |    69 |   426 ||   516
       Lehudib's Crystal |       |       |       |       |       |       |     3 |    95 |   564 ||   662
       Shatter           |       |       |       |       |       |       |       |     6 |    76 ||    82
       Fire Storm        |       |       |       |       |       |       |       |       |   202 ||   202
       Borgnjor's Vile C |       |       |       |       |       |       |       |       |    65 ||    65
       Ignition          |       |       |       |       |       |       |       |       |    54 ||    54
       Ozocubu's Refrige |       |       |       |       |       |       |       |       |    40 ||    40
Evoke: Wand              |       |       |       |     4 |     4 |       |     2 |     7 |    24 ||    41
       Phantom mirror    |       |       |       |       |       |     3 |       |     1 |    11 ||    15
       Box of beasts     |       |       |       |       |       |     1 |       |       |     8 ||     9
       Condenser vane    |       |       |       |       |       |     1 |       |       |     2 ||     3
       Figurine of a zig |       |       |       |       |       |       |       |       |     2 ||     2
       Tin of tremorston |       |       |       |       |       |       |       |       |     1 ||     1
  Use: Potion            |       |     2 |     2 |     1 |     4 |     4 |     1 |     3 |    90 ||   107
       Scroll            |       |       |     3 |    17 |    14 |     9 |     4 |       |    60 ||   107
 Stab: Sleeping          |       |     4 |       |       |       |       |       |       |     4 ||     8
       Confused          |       |       |       |       |       |     1 |       |       |       ||     1
       Distracted        |       |       |       |       |       |       |       |     1 |    28 ||    29
Armor: Robe              |     1 |    19 |    88 |   121 |    66 |       |       |       |       ||   295
       Troll leather arm |       |       |       |   110 |    22 |       |       |       |       ||   132
       Leather armour    |       |       |       |       |    64 |    93 |   106 |   153 |    43 ||   459
       Quicksilver drago |       |       |       |       |       |       |       |       |   876 ||   876
       Pearl dragon scal |       |       |       |       |       |       |       |       |   170 ||   170
Dodge: Dodged            |     4 |    42 |   104 |   389 |   214 |   185 |   238 |   295 |  1231 ||  2702
Block: Buckler           |       |       |       |       |    19 |    52 |    62 |    68 |    24 ||   225
       Kite shield       |       |       |       |       |       |       |       |       |  1542 ||  1542
